 Dungeon Crawl Stone Soup version 0.31-a0-799-g6bc09d010c (webtiles) character file.

Game seed: 17045261162635776074

692001 demibob the Intangible (level 27, -11/174 HPs)
             Began as a Merfolk Chaos Knight on Sept 19, 2023.
             Was the Champion of Jiyva.
             Killed by divine providence
             ... invoked by a smoke demon
              (16 damage)
             ... on level 6 of the Abyss on Sept 20, 2023.
             The game lasted 02:49:11 (56866 turns).

demibob the Intangible (Merfolk Chaos Knight)      Turns: 56866, Time: 02:49:12

Health: -11/174    AC: 37    Str: 15      XL:     27
Magic:  15/16      EV: 24    Int: 18 (21) God:    Jiyva [******]
Gold:   972        SH: 25    Dex: 18 (20) Spells: 26/26 levels left

rFire   + + +        a - +8 trishula "Condemnation" {holy, anguish, *Noise Fly rN+}
rCold   x x .        K - +5 kite shield {AC+3}
rNeg    + + +        N - +8 fire dragon scales {Xtahua}
rPois   .            (no helmet)
rElec   .            b - scarf of Autotheism {rC+ rF+, Str+3}
rCorr   +            X - +2 pair of gloves
SInv    +            j - +2 pair of boots {Stlth+}
Will    ++++.        o - amulet "Qera" {Faith rC+ Regen+ Slay+5}
Stlth   +            H - ring of Xom's Outrage {*Corrode rN+++ Int+6 Dex+3 Slay+4}
HPRegen 1.60/turn    c - ring "Zexoqiet" {Will+ Int+3 SInv}
MPRegen 0.65/turn

%: random rage (9%), corrode self (3%), faith
@: lethally poisoned (-11 -> -12), about to teleport, on berserk cooldown, sick,
calling ooze, flying, inhibited regen, unable to drink
A: (nimble swimmer 2), mertail, iridescent scales 3, large bone plates 1, clumsy
2, deformed body, dopey 1, fire resistance 1, frail 3, low MP 3, strong-willed
1, screaming 1, weak 2, eyeballs 2, gelatinous body 1, [berserk 2],
deterioration 1[+1], [inhibited regeneration], ([teleportitis 2]), [no potion
heal 2], cold vulnerability 2[+1], [subdued magic 2], inability to drink after
injury 1[+1], [inability to read after injury 2]
}: 5/15 runes: decaying, serpentine, slimy, silver, abyssal
a: Renounce Religion, Oozemancy, Slimify


You were on level 6 of the Abyss.
You worshipped Jiyva.
Jiyva was exalted by your worship.
You visited 11 branches of the dungeon, and saw 55 of its levels.
You visited the Abyss 8 times.
You also visited: Trove and Sewer.

You collected 5804 gold pieces.
You spent 4832 gold pieces at shops.


Innate Abilities, Weirdness & Mutations

((You are very nimble when in or above water. (Stealth+, EV+, Speed+++)))
Your lower body shifts to a powerful aquatic tail in water.
You are completely covered in iridescent scales. (AC +6)
You are partially covered in large bone plates. (SH +4)
You are very clumsy. (Dex -4)
Armour fits poorly on your strangely shaped body.
You are dopey. (Int -2)
Your flesh is heat resistant. (rF+)
You are extremely frail. (-30% HP)
Your magical capacity is extremely low. (-30% MP)
You are strong-willed. (Will+)
You occasionally shout uncontrollably at your foes.
You are very weak. (Str -4)
Your body has grown many eyes which may confuse attackers. (Acc +5)
Your rubbery body absorbs attacks. (AC +1, EV +1)
[You have an uncontrollable temper.]
[Your body often deteriorates upon taking damage.]
[You do not regenerate when monsters are visible.]
[((You are often teleported next to monsters.))]
[Potions cannot restore your health.]
[You are extremely vulnerable to cold. (rC---)]
[Your spells are easier to cast, but less powerful.]
[You sometimes lose the ability to drink potions when taking damage.]
[You sometimes lose the ability to read scrolls when taking damage.]


   Skills:
 O Level 27 Fighting
 - Level 21.5 Polearms
 + Level 21.3 Armour
 O Level 27 Dodging
 + Level 21.1 Shields
 - Level 11.3 Evocations


You had 26 spell levels left.
You didn't know any spells.
Your spell library contained the following spells:

 Spells                   Type           Power      Damage    Failure   Level
 Apportation              Tloc           0%         N/A       47%         1
 Foxfire                  Conj/Fire      0%         2x1d4     47%         1
 Kiss of Death            Conj/Necr      0%         2d5       47%         1
 Necrotise                Necr           0%         1d4       47%         1
 Shock                    Conj/Air       0%         1d3       47%         1
 Sting                    Tmut/Pois      0%         1d3       47%         1
 Summon Small Mammal      Summ           0%         N/A       47%         1
 Cigotuvi's Dreadful Rot  Necr/Pois/Air  0%         N/A       63%         2
 Ensorcelled Hibernation  Hex/Ice        0%         N/A       63%         2
 Jinxbite                 Hex            0%         N/A       63%         2
 Passwall                 Tmut/Erth      0%         N/A       63%         2
 Poisonous Vapours        Pois/Air       0%         N/A       63%         2
 Scorch                   Fire           0%         2d5       63%         2
 Call Canine Familiar     Summ           0%         N/A       87%         3
 Confusing Touch          Hex            0%         N/A       87%         3
 Dazzling Flash           Conj/Hex       0%         N/A       87%         3
 Frozen Ramparts          Ice            0%         1d1       87%         3
 Gell's Gravitas          Tloc           0%         N/A       87%         3
 Hailstorm                Conj/Ice       0%         3d3       87%         3
 Ignite Poison            Fire/Tmut/Pois 0%         N/A       87%         3
 Sigil of Binding         Hex            0%         N/A       87%         3
 Stone Arrow              Conj/Erth      0%         3d7       87%         3
 Swiftness                Air            0%         N/A       87%         3
 Volatile Blastmotes      Fire/Tloc      0%         2d10      87%         3
 Anguish                  Hex/Necr       0%         N/A       99%         4
 Animate Armour           Summ/Erth      0%         N/A       99%         4
 Dimensional Bullseye     Hex/Tloc       0%         N/A       99%         4
 Dispel Undead            Necr           0%         3d6       99%         4
 Flame Wave               Conj/Fire      0%         2d4       99%         4
 Iskenderun's Mystic Bla  Conj/Tloc      0%         2d3       99%         4
 Leda's Liquefaction      Hex/Erth       0%         N/A       99%         4
 Olgreb's Toxic Radiance  Pois           0%         N/A       99%         4
 Petrify                  Tmut/Erth      0%         N/A       99%         4
 Summon Ice Beast         Ice/Summ       0%         N/A       99%         4
 Summon Lightning Spire   Summ/Air       0%         N/A       99%         4
 Vhi's Electric Charge    Tloc/Air       0%         N/A       99%         4
 Agony                    Necr           0%         N/A       100%        5
 Alistair's Intoxication  Tmut/Pois      0%         N/A       100%        5
 Arcjolt                  Conj/Air       0%         1d10      100%        5
 Freezing Cloud           Conj/Ice/Air   0%         6-21      100%        5
 Irradiate                Conj/Tmut      0%         3d11      100%        5
 Lee's Rapid Deconstruct  Erth           0%         3d4*      100%        5
 Metabolic Englaciation   Hex/Ice        0%         N/A       100%        5
 Silence                  Hex/Air        0%         N/A       100%        5
 Summon Forest            Summ/Tloc      0%         N/A       100%        5
 Eringya's Noxious Bog    Tmut/Pois      0%         4d6       100%        6
 Leda's Unmaking          Conj/Erth      0%         9d1       100%        6
 Plasma Beam              Fire/Air       0%         2x1d10    100%        6
 Simulacrum               Ice/Necr       0%         N/A       100%        6
 Starburst                Conj/Fire      0%         6d3       100%        6
 Summon Cactus Giant      Summ           0%         N/A       100%        6
 Ozocubu's Refrigeration  Ice            0%         4d7       100%        7
 Spellforged Servitor     Conj/Summ      0%         N/A       100%        7
 Summon Hydra             Summ           0%         N/A       100%        7
 Lehudib's Crystal Spear  Conj/Erth      0%         10d2      100%        8
 Maxwell's Capacitive Co  Air            0%         ∞         100%        8
 Chain Lightning          Conj/Air       0%         N/A       100%        9
 Polar Vortex             Ice            0%         N/A       100%        9

Inventory:

Hand Weapons
 a - the +8 trishula "Condemnation" (weapon) {holy, anguish, *Noise Fly rN+}
   (You bought it in a shop on level 3 of the Snake Pit)

   rN+:       It protects you from negative energy.
   Fly:       It grants you flight.
   *Noise:    It may make a loud noise when swung.
Missiles
 m - 2 throwing nets {=f}
Armour
 b - the scarf of Autotheism (worn) {rC+ rF+, Str+3}
   (You found it in a treasure trove)

   Str+3:     It affects your strength (+3).
 j - a +2 pair of boots of stealth (worn)
 K - a +5 kite shield of protection (worn)
 M - the +2 helmet "Haucar" {Dex+7}
   (You found it on level 2 of the Depths)

   Dex+7:     It affects your dexterity (+7).
 N - +8 fire dragon scales (worn) {Xtahua}
 X - a +2 pair of gloves (worn)
Jewellery
 c - the ring "Zexoqiet" (right hand) {Will+ Int+3 SInv}
   (You found it on level 5 of the Vaults)

   [ring of see invisible]

   Int+3:     It affects your intelligence (+3).
   Will+:     It increases your willpower.
   SInv:      It lets you see invisible.
 k - the amulet of Ucadghupt {Acrobat +Inv rElec Str+2}
   (You found it in a treasure trove)

   [amulet of the acrobat]

   Acrobat:   It increases your evasion while moving and waiting.
   Str+2:     It affects your strength (+2).
   rElec:     It insulates you from electricity.
   +Inv:      It lets you turn invisible.
 l - the ring of Wiosoruz {rElec rF++ MP+9}
   (You took it off a deep elf blademaster on level 3 of the Elven Halls)

   [ring of magical power]

   rF++:      It greatly protects you from fire.
   rElec:     It insulates you from electricity.
   MP+9:      It affects your magic capacity (+9).
 o - the amulet "Qera" (around neck) {Faith rC+ Regen+ Slay+5}
   (You found it in a treasure trove)

   [amulet of faith]

   Faith:     It allows you to gain divine favour quickly.
   Slay+5:    It affects your accuracy & damage with ranged weapons and melee
   (+5).
   rC+:       It protects you from cold.
   Regen+:    It increases your rate of health regeneration.
 r - the amulet "Meurun" {Regen+ Str+3 SInv}
   (You found it in a treasure trove)

   [amulet of regeneration]

   Str+3:     It affects your strength (+3).
   SInv:      It lets you see invisible.
   Regen+:    It increases your rate of health regeneration.
 u - the ring "Viteblu" {Fire Drain rElec rPois Dex+8}
   (You found it on level 13 of the Dungeon)

   [ring of fire]

   Fire:      It enhances your fire magic.
   Dex+8:     It affects your dexterity (+8).
   rF+:       It protects you from fire.
   rC-:       It makes you vulnerable to cold.
   rElec:     It insulates you from electricity.
   rPois:     It protects you from poison Drain: It drains your maximum health
   when unequipped.
 v - a ring of see invisible
 y - the amulet of Hoten {Fly rElec Regen+ Int+8}
   (You acquired it in a sewer)

   [amulet of regeneration]

   Int+8:     It affects your intelligence (+8).
   rElec:     It insulates you from electricity.
   Fly:       It grants you flight.
   Regen+:    It increases your rate of health regeneration.
 E - a +5 ring of evasion
 H - the ring of Xom's Outrage (left hand) {*Corrode rN+++ Int+6 Dex+3 Slay+4}
   (You found it on level 11 of the Dungeon)

   [ring of intelligence]

   Int+6:     It affects your intelligence (+6).
   Dex+3:     It affects your dexterity (+3).
   Slay+4:    It affects your accuracy & damage with ranged weapons and melee
   (+4).
   rN+++:     It renders you almost immune to negative energy.
   *Corrode:  It may corrode you when you take damage.
 L - a ring of flight
 T - a +4 ring of protection
 W - a ring of willpower
Wands
 i - a wand of paralysis (28)
 n - a wand of quicksilver (49)
 D - a wand of iceblast (32)
 I - a wand of flame (8)
 J - a wand of polymorph (21)
 Q - a wand of mindburst (10)
 R - a wand of digging (1)
Scrolls
 d - 3 scrolls of brand weapon
 f - 2 scrolls of revelation
 q - a scroll of poison
 x - 2 scrolls of teleportation {@r2}
 C - 6 scrolls of vulnerability
 F - 3 scrolls of enchant weapon
 Z - 5 scrolls of immolation
Potions
 g - 2 potions of resistance
 p - a potion of lignification
 s - 2 potions of ambrosia
 t - a potion of heal wounds {@q2}
 w - a potion of cancellation
 z - 5 potions of enlightenment
 V - 9 potions of curing {@q1}
 Y - a potion of attraction
Miscellaneous
 e - a condenser vane
 G - a box of beasts
 P - a phial of floods
 S - a lightning rod (4/4)

Dungeon Overview and Level Annotations

Branches:
Dungeon (15/15)            Temple (0/1) D:7            Lair (5/5) D:10
  Swamp (4/4) Lair:3        Snake (4/4) Lair:3        Slime (5/5) Lair:4
    Orc (2/2) D:11            Elf (3/3) Orc:2        Vaults (5/5) D:13
  Crypt (3/3) Vaults:2       Tomb (0/3) Crypt:3      Depths (4/4) D:15
    Zot (5/5) Depths:4      Sewer (visited)

Altars:
Cheibriados
Fedhas
Gozag
Hepliaklqana
Kikubaaqudgha
Nemelex Xobeh
Okawaru
Qazlal
Sif Muna
Vehumet
Wu Jian
Xom
Yredelemnul
The Shining One
Jiyva

Shops:
Orc:1 (   Orc:2 !?:(   Elf:1 :   Elf:2 (:   Elf:3 (   Snake:2 *(!
Snake:3 :[(((   Snake:4 (   Vaults:1 !   Vaults:4 [   Depths:4 **

Portals:
Hell: Depths:1 Depths:2 Depths:3 Depths:4
Abyss: Crypt:1 Depths:1 Depths:3
Pandemonium: Depths:2
Ziggurat: Depths:3

Annotations:
D:3 1 runed translucent door, Crazy Yiuf
D:9 4 transporters
Snake:1 2 transporters
Slime:5 Royal Jelly
Crypt:1 2 transporters, Micliseo's ghost, adept GrFi

.. ▒ ..## ▒ #'#5░
▒░. #. .░▓▒#.≈5 .
.G# ..' #≈X43
..w#.#
...'.#.≈X####│..▒#
▓.hh3#X#xv│...#
▒h≈≈x2X@uhu>#∩.#
░§§≈§3✱v2h<..#.
▒>§§§≈#uxxh>.▓
#§§§§.#X93/.▒.#
#.§§∩.##──x.v.#
###### .3..#.# .
..X#§#.# # #..§.▓
. .## .


You could see a green very ugly thing (anguished), a cacodemon, a tentacled
starspawn, a spatial maelstrom, a green death, a wretched star, 2 ugly things, a
crystal guardian, 2 spatial vortices, 4 ancient zymes, 2 thrashing horrors, 3
large abominations, 2 smoke demons, 6 raiju, a neqoxec, a ynoxinul, a chaos
spawn, a small abomination, a starspawn tentacle, 2 ufetubi and a neutral golden
eye (misshapen, sick) (fellow slime).


Message History

The walls burn the tentacled starspawn!
The wall burns the crystal guardian!
The crystal guardian glitters, brittle, in the dim dungeon light.
Unknown command.
You impale the green very ugly thing!!
The green very ugly thing is moderately wounded.
You feel sick.
The wall burns the sixfirhy!
The walls burn the thrashing horror!
The thrashing horror churns violently!
The thrashing horror seems to grow stronger.
The walls burn the thrashing horror!
You block the thrashing horror's attack. x2
The walls burn the spatial vortex!
The green death hits you!!
* * * LOW HITPOINT WARNING * * *
Your body deteriorates!
You feel clumsy.
The wall burns the white very ugly thing!
You kill the white very ugly thing!
The wall burns the ynoxinul!
The walls burn the wretched star!
The wall burns the spatial maelstrom!
The spatial maelstrom misses you.
The spatial maelstrom completely misses you.
The wall burns the cacodemon!
The walls burn the large abomination!
The walls burn the thrashing horror!
You block the thrashing horror's attack.
The thrashing horror closely misses you.
You feel ill.
The walls burn the thrashing horror!
The thrashing horror misses you.
You block the thrashing horror's attack.
The smoke demon gestures at you. Something smites you!
You die...
Xom chortles!

Skill      XL: |  1  2  3  4  5  6  7  8  9 10 11 12 13 14 15 16 17 18 19 20 21 22 23 24 25 26 27 |
---------------+----------------------------------------------------------------------------------+-----
Polearms       | 5 6 7 8 10 12 16 19 20 21 | 21.5
Armour         | 1 2 3 5 7 9 10 12 14 17 21 | 21.3
Dodging        | 4 6 7 10 12 14 17 19 22 24 25 27 | 27.0
Fighting       | 7 10 13 15 17 19 20 21 23 24 25 26 27 | 27.0
Evocations     | 4 8 9 11 | 11.3
Shields        | 10 15 21 | 21.1

Action                     |  1- 3 |  4- 6 |  7- 9 | 10-12 | 13-15 | 16-18 | 19-21 | 22-24 | 25-27 || total
---------------------------+-------+-------+-------+-------+-------+-------+-------+-------+-------++-------
  Melee: Spear             |   119 |   115 |   367 |       |       |       |       |       |       ||   601
         Punch             |       |     2 |     4 |       |       |       |       |       |       ||     6
         Tailslap          |       |       |     7 |       |       |       |       |       |       ||     7
         Glaive            |       |       |    67 |       |       |       |       |       |       ||    67
         Halberd           |       |       |    54 |   599 |  1272 |  1567 |  1503 |   431 |       ||  5426
         Headbutt          |       |       |       |       |   147 |   387 |   405 |   454 |   781 ||  2174
         Bite              |       |       |       |       |       |    81 |    54 |       |   234 ||   369
         Pseudopods        |       |       |       |       |       |       |   363 |   274 |       ||   637
         Demon trident     |       |       |       |       |       |       |       |  1052 |       ||  1052
         Trishula          |       |       |       |       |       |       |       |       |  2938 ||  2938
 Invoke: Oozemancy         |       |       |       |       |       |       |     1 |     1 |     1 ||     3
         Slimify           |       |       |       |       |       |       |     1 |       |       ||     1
  Evoke: Wand              |       |     2 |     3 |     2 |     2 |     7 |    14 |     2 |     6 ||    38
         Condenser vane    |       |       |       |       |       |     3 |     4 |     1 |     2 ||    10
         Phial of floods   |       |       |       |       |       |     1 |     1 |       |     1 ||     3
         Lightning rod     |       |       |       |       |       |     3 |    11 |       |     4 ||    18
         Box of beasts     |       |       |       |       |       |       |     2 |     1 |     2 ||     5
    Use: Scroll            |     6 |     3 |    10 |    11 |    15 |    13 |    17 |    10 |    17 ||   102
         Potion            |       |     1 |     2 |     4 |    10 |    13 |    20 |     8 |    14 ||    72
   Stab: Sleeping          |     4 |     3 |    16 |     8 |     8 |    16 |     9 |    11 |       ||    75
         Petrified         |       |       |    14 |       |       |       |       |       |       ||    14
         Confused          |       |       |     4 |     4 |       |       |       |     1 |    35 ||    44
         Distracted        |       |       |     1 |     1 |     6 |    13 |    14 |    10 |     2 ||    47
         Fleeing           |       |       |       |       |     2 |       |       |       |       ||     2
         Invisible         |       |       |       |       |    24 |       |       |       |    14 ||    38
 Armour: Leather armour    |    44 |     4 |       |       |       |       |       |       |       ||    48
         Ring mail         |       |    34 |   140 |   185 |   411 |   515 |   496 |   358 |       ||  2139
         Fire dragon scale |       |       |       |       |       |       |       |       |  1022 ||  1022
  Dodge: Dodged            |    44 |    35 |   198 |   435 |  1016 |  1424 |  1492 |  1122 |  1469 ||  7235
  Block: Kite shield       |       |       |       |       |       |       |       |   664 |  1745 ||  2409

Levels and vault maps discovered:
D:1:      lightli_arrival_quake, layout_loops_corners
D:2:      layout_loops_ring, shapermc_ecumenical_altar_mp_vishouse, uniq_natasha
D:3:      layout_rooms, serial_bayou_pond_b, minmay_pentangle,
          uniq_crazy_yiuf_cottage
D:4:      layout_rooms, jmf_multi_god_temple2, minmay_quadrilaterals
D:5:      layout_loops_ring, gup_sewer_entry_spiral, uniq_menkaure
D:6:      layout_basic
D:7:      layout_basic, minmay_temple_entry_antechambers, st_stairs_1,
          uniq_maggie, uniq_jeremiah, uniq_duvessa
D:8:      layout_loops_corners, lemuel_round_altar
D:9:      layout_stronghold, kennysheep_slug_shrine, old_standard_altar,
          nicolae_diode_intersection, uniq_maurice
D:10:     layout_basic, worldfamousw_hep_ancestral_shrine,
          nicolae_qazlal_style_of_elements, david_lair_shrubbed, eino_jars
D:11:     layout_layer_cave, erik_orc_2
D:12:     cheibrodos_fzero, layout_long_grid
D:13:     layout_basic, david_vaults_3, gammafunk_ghost_icy, evilmike_minifort
D:14:     layout_roguey, fedhas_altar_2
D:15:     grunt_enter_depths_magical_seal, layout_small_grid, nooodl_orcs_dogs
Lair:1:   layout_chaotic_city, grunt_forest_large_clearings, grunt_megastairs_5
Lair:2:   layout_roguey, dreamdust_wasp_nest, grunt_megastairs_1
Lair:3:   layout_gridlike, nicolae_swamp_entry_splash_gauntlet,
          guppyfry_snake_entry_garden, serial_bayou_shore_b
Lair:4:   layout_gridlike, slime_entry_1, infiniplex_staircase_pool_2,
          serial_bayou_shore_b, lemuel_fruit_fields
Lair:5:   gammafunk_lair_ancient_temple, layout_layer_cave, grunt_megastairs_4
Swamp:1:  layout_basic_swamp, nicolae_swamp_some_circles, swamp_pool1,
          uniq_donald
Swamp:2:  layout_falls_marsh, nicolae_swamp_long_stream, uniq_louise
Swamp:3:  layout_basic_swamp, evilmike_swamp_ruin_rubble_2
Swamp:4:  swamp_old_school, layout_basic_swamp, swamp_pool3
Snake:1:  gammafunk_the_bubble [the_bubble_gammafunk_plus_minus],
          layout_grid_maze
Snake:2:  layout_honeycomb, basic_altar, serial_shops,
          nicolae_shop_back_alley_shop, shop, nicolae_shop_gadgets,
          serial_bayou_shore_b
Snake:3:  nicolae_aizul_guard, layout_chambers, serial_shops,
          nicolae_shop_getting_attention, shop, shop,
          nicolae_shop_just_a_little_nook, nicolae_shop_pleasant_corner_grove,
          special_room, nicolae_snake_gridmaze_waves, nrook_loot_triangle,
          serial_bayou_shore_b, uniq_aizul
Snake:4:  snake_pit_salamanders_mu, layout_gridlike, serial_shops,
          nicolae_shop_trees, ebering_ghost_inner_flame,
          nicolae_snake_mages_go_home
Slime:1:  layout_caves
Slime:2:  layout_caves
Slime:3:  layout_caves
Slime:4:  layout_caves, basic_altar
Slime:5:  slime_pit_nicolae_trefoil
Orc:1:    layout_diamond_mine, basic_altar, serial_shops, shop,
          guppyfry_orc_lava_fort
Orc:2:    st_orc_rangers, layout_caves
Elf:1:    eino_elf_arrival_altar, layout_gridlike, serial_shops, shop,
          hangedman_elf_disciples
Elf:2:    nicolae_elf_blades_splatter_lattice
          [nicolae_blade_entry_floor_patterns], layout_loops_cross,
          serial_shops, shop, nicolae_shop_self_help
Elf:3:    nooodl_elf_gasket, layout_loops_corners, serial_shops, shop,
          minmay_elf_sorcery, uniq_bai_suzhen
Vaults:1: ontoclasm_vaults_gallery, nicolae_vaults_weapon_check,
          hangedman_vaults_corner, nicolae_vaults_yaktaur_gun_rack,
          nicolae_vaults_what_the_h, v_misc_24, nicolae_vaults_more_shelving_1,
          nicolae_vaults_heart-shaped_vault, nicolae_vaults_tetromino_T_2,
          layout_vaults_omnigrid, serial_shops, nicolae_shop_tiny_waterfront,
          uniq_norris, uniq_zenata, uniq_asterion
Vaults:2: nicolae_vaults_tangram_2, ontoclasm_vaults_echo,
          ontoclasm_vaults_bender, v_misc_22, v_misc_13,
          minmay_crypt_entry_simple_plaza, nicolae_vaults_layer_cake_slice,
          ontoclasm_vaults_decontamination, vaults_room_fancy_cross,
          nicolae_vaults_trapezoid_lopsided_1, vaults_mumra_hex,
          nicolae_vaults_rhombus_5, nicolae_vaults_surprise_closet,
          ontoclasm_vaults_hangar, nicolae_vaults_offset_grid_hallway_4,
          nicolae_vaults_heart-shaped_vault, layout_vaults_ring
Vaults:3: nicolae_vaults_heart-shaped_vault, nicolae_vaults_hexular_roomagon,
          nicolae_vaults_trapezoid_layered, nicolae_vaults_network_square,
          nicolae_vaults_oval_intersection, serial_ice_g, v_rooms_1,
          nicolae_vaults_storing_the_good_stuff, nicolae_vaults_double_plus_1,
          vaults_mumra_minichess_inversion, nicolae_vaults_tetromino_L_2,
          v_alt_pattern_3, layout_vaults_maze_bifur
Vaults:4: vaults_room_door_ring, hangedman_vaults_river_flow,
          nicolae_vaults_little_ls, grunt_vaults_swirl,
          nicolae_vaults_trapezoid_4, nicolae_vaults_frosty_reception,
          nicolae_vaults_trapezoid_4, nicolae_vaults_sightless_eye,
          vaults_dpeg_doors, grunt_vaults_bifocal, nicolae_vaults_apartment_2,
          vaults_room_door_ring, layout_vaults_chaotic_city, serial_shops,
          shop_fountains, uniq_xtahua
Vaults:5: serial_shops
Crypt:1:  layout_regular_city, gammafunk_ghost_abyssal_escape, st_stairs_10,
          weyrava_ghost_lake
Crypt:2:  layout_misc_corridors, evilmike_ambush [evilmike_ambush_outer_corners,
          evilmike_ambush_inner_basic], uniq_frederick
Crypt:3:  cryptofortress_bobbens
Depths:1: layout_cave_pools, grunt_mini_vestibule, grunt_gozag_statues,
          marbit_kobold_abyss_entry, st_stairs_6, nicolae_wu_jian_wuxing_cycle,
          uniq_saint_roka
Depths:2: hangedman_arch_fort, layout_basic, nicolae_trove_entry_columns,
          pf_hell_entry_tar_spiral, skrybe_limestone_x, pan_entry,
          infiniplex_staircase_diamond, uniq_josephina
Depths:3: kennysheep_ambush_hall, layout_gridville, enter_ziggurat_b,
          hangedman_glass_teeth, abyss_entry_small_statue_room, hellmouth_1,
          kennysheep_nondecorative_pillar, uniq_boris
Depths:4: evilmike_zot_entry_basic, layout_cave_shapes, hell_entry,
          grunt_ministairs_1, minmay_shoptagon
Zot:1:    layout_onion
Zot:2:    layout_gridlike, hangedman_player_shredder, grunt_megastairs_2
Zot:3:    layout_gridlike, grunt_ministairs_2, hangedman_elemental_grid_stream,
          grunt_megastairs_3
Zot:4:    layout_twisted_circle
Zot:5:    layout_misc_corridors
Abyss:6:  base: Snake:3, gammafunk_abyss_rune_reverse_zot,
          evilmike_abyss_exit_8, base: Vaults:3, guppyfry_abyss_exit_imp_island,
          evilmike_abyss_exit_plants, minivault_25, hangedman_eye_storm,
          evilmike_abyss_exit_vortex, base: Elf:1, evilmike_abyss_exit_6,
          hangedman_eye_storm, evilmike_abyss_exit_2

Notes
Turn   | Place    | Note
-------+----------+-------------------------------------------
     0 | D:1      | demibob the Merfolk Chaos Knight began the quest for the
                  | Orb.
     0 | D:1      | Reached XP level 1. HP: 18/18 MP: 1/1
   176 | D:1      | Reached XP level 2. HP: 15/24 MP: 2/2
   273 | D:1      | XOM: silly message
   350 | D:1      | Reached skill level 5 in Polearms
   667 | D:1      | XOM: divination: magic mapping
   700 | D:1      | XOM: god gift: quarterstaff {god gift}
   968 | D:2      | Reached XP level 3. HP: 29/29 MP: 3/3
  1100 | D:2      | XOM: 1-stop teleportation journey
  1199 | D:2      | Noticed Natasha
  1203 | D:2      | XOM: scenery: summon butterflies
  1210 | D:2      | Killed Natasha
  1211 | D:2      | Reached skill level 6 in Polearms
  1211 | D:2      | Reached XP level 4. HP: 31/35 MP: 4/4
  1277 | D:2      | XOM: god gift: wand of quicksilver (7)
  1320 | D:2      | Noticed Natasha
  1323 | D:2      | XOM: cleaving
  1331 | D:2      | Killed Natasha
  1443 | D:2      | XOM: silly message
  1489 | D:2      | XOM: give mutations
  1489 | D:2      | Gained mutation: You are partially covered in iridescent
                  | scales. (AC +2) [Xom's grace]
  1489 | D:2      | Gained mutation: You have sharp fingernails. [Xom's grace]
  1491 | D:2      | Identified the +3 ring mail of the Jabberwock {rF+ rC+
                  | Stlth+}
  1559 | D:2      | Found a faded altar of an unknown god.
  1635 | D:3      | Reached skill level 7 in Polearms
  1635 | D:3      | Reached skill level 1 in Armour
  1639 | D:3      | Reached XP level 5. HP: 41/41 MP: 5/5
  2043 | D:3      | Found a runed translucent door.
  2044 | D:3      | Noticed Crazy Yiuf
  2210 | D:3      | XOM: cloud trail
  2217 | D:3      | XOM: give mutations
  2217 | D:3      | Gained mutation: You are mostly covered in iridescent
                  | scales. (AC +4) [Xom's grace]
  2217 | D:3      | Gained mutation: You are completely covered in iridescent
                  | scales. (AC +6) [Xom's grace]
  2217 | D:3      | Gained mutation: You are agile. (Dex +4, Str/Int -1) [Xom's
                  | grace]
  2237 | D:4      | Noticed an ogre
  2242 | D:4      | Killed an ogre
  2243 | D:4      | Reached skill level 8 in Polearms
  2243 | D:4      | Reached skill level 2 in Armour
  2243 | D:4      | Reached XP level 6. HP: 47/47 MP: 6/6
  2243 | D:4      | Noticed a black bear
  2258 | D:4      | Killed a black bear
  2418 | D:4      | Found a large runed translucent door.
  2418 | D:4      | Found a large runed translucent door.
  2426 | D:4      | Reached XP level 7. HP: 52/52 MP: 7/7
  2485 | D:4      | Reached skill level 3 in Armour
  2599 | D:4      | XOM: 1-stop teleportation journey
  2601 | D:4      | Reached skill level 9 in Polearms
  2601 | D:4      | Reached skill level 3 in Dodging
  2742 | D:4      | an endoplasm changed into a shapeshifter
  2742 | D:4      | Noticed a shapeshifter (shapeshifter)
  2742 | D:4      | a shapeshifter changed into a human
  2742 | D:4      | Noticed a human (shapeshifter)
  2744 | D:4      | Killed a human
  2744 | D:4      | XOM: cast spell 'Chain of Chaos'
  2818 | D:4      | XOM: scenery: create altars
  2820 | D:4      | XOM: confuse monster(s)
  2825 | D:4      | Reached skill level 4 in Dodging
  2876 | D:4      | Found an ancient bone altar of Kikubaaqudgha.
  2886 | D:4      | Found a glowing golden altar of the Shining One.
  3004 | D:4      | Identified 2 potions of resistance
  3034 | D:5      | Entered Level 5 of the Dungeon
  3049 | D:5      | Reached skill level 10 in Polearms
  3095 | D:5      | Reached XP level 8. HP: 58/58 MP: 8/8
  3124 | D:5      | XOM: give mutations
  3124 | D:5      | Gained mutation: You are strong-willed. (Will+) [Xom's
                  | grace]
  3124 | D:5      | Gained mutation: You have very sharp fingernails. [Xom's
                  | grace]
  3126 | D:5      | Noticed Menkaure
  3144 | D:5      | Killed Menkaure
  3145 | D:5      | Reached skill level 5 in Dodging
  3358 | D:5      | Reached skill level 11 in Polearms
  3472 | D:5      | Found a glowing drain.
  3481 | Sewer    | Entered a sewer
  3652 | Sewer    | XOM: give mutations
  3652 | Sewer    | Gained mutation: Your movements are slightly less
                  | encumbered by armour. (ER -2) [Xom's grace]
  3652 | Sewer    | Gained mutation: You are highly strong-willed. (Will++)
                  | [Xom's grace]
  3652 | Sewer    | Gained mutation: Your natural rate of healing is unusually
                  | fast. [Xom's grace]
  3652 | Sewer    | Gained mutation: You expend magic power (3 MP) to
                  | strengthen your wands. [Xom's grace]
  3676 | Sewer    | XOM: 2-stop teleportation journey
  3792 | Sewer    | XOM: scenery: 1 doors open
  3800 | Sewer    | Reached skill level 6 in Dodging
  3838 | Sewer    | Identified a scroll of acquirement
  3839 | Sewer    | Acquired the amulet of Hoten {Fly rElec Regen+ Int+8}
  4019 | D:5      | XOM: god gift: scroll of teleportation
  4084 | D:5      | Reached skill level 12 in Polearms
  4238 | D:6      | XOM: 9-stop teleportation journey
  4260 | D:6      | XOM: scenery: summon butterflies
  4275 | D:6      | Reached XP level 9. HP: 48/64 MP: 9/9
  4279 | D:6      | Reached skill level 7 in Dodging
  4359 | D:6      | Identified the +6 flail of Fate {freeze, *Corrode rElec
                  | rF+++ Str-4}
  4829 | D:7      | Reached skill level 13 in Polearms
  4980 | D:7      | Noticed Duvessa
  4980 | D:7      | Noticed Dowan
  4993 | D:7      | XOM: silly message
  4995 | D:7      | Killed Dowan
  5001 | D:7      | Killed Duvessa
  5094 | D:7      | Noticed Maggie
  5097 | D:7      | XOM: noise
  5109 | D:7      | Killed Maggie
  5110 | D:7      | Reached skill level 14 in Polearms
  5308 | D:7      | Reached skill level 15 in Polearms
  5498 | D:7      | Noticed Jeremiah
  5504 | D:7      | XOM: noise
  5505 | D:7      | XOM: polymorph butterfly -> gnoll
  5519 | D:7      | Killed Jeremiah
  5626 | D:7      | Reached skill level 16 in Polearms
  5626 | D:7      | Reached XP level 10. HP: 68/70 MP: 10/10
  5645 | D:7      | Found a staircase to the Ecumenical Temple.
  5772 | D:7      | XOM: scenery: 1 doors close
  5875 | D:8      | XOM: destruction
  6090 | D:8      | Found a shimmering blue altar of Sif Muna.
  6413 | D:8      | XOM: scenery: 1 doors close
  6544 | D:9      | Found a snail-covered altar of Cheibriados.
  6592 | D:9      | Found an iron altar of Okawaru.
  6607 | D:9      | Noticed Maurice
  6625 | D:9      | Killed Maurice
  6626 | D:9      | Reached skill level 17 in Polearms
  6689 | D:9      | XOM: enchant monster (good)
  6694 | D:9      | XOM: polymorph yak -> shapeshifter
  6695 | D:9      | a shapeshifter changed into a black mamba
  6695 | D:9      | Noticed a black mamba (shapeshifter)
  6702 | D:9      | Killed a black mamba
  6714 | D:9      | Reached skill level 18 in Polearms
  6750 | D:9      | Found a transporter.
  6787 | D:9      | Found a transporter.
  6811 | D:9      | Found a transporter.
  6961 | D:9      | Found a transporter.
  7185 | D:9      | XOM: summons 1 hostile shadow creature
  7230 | D:9      | Noticed a kobold demonologist
  7239 | D:9      | XOM: fog
  7241 | D:9      | Killed a kobold demonologist
  7404 | D:10     | Entered Level 10 of the Dungeon
  7404 | D:10     | Noticed a two-headed ogre
  7413 | D:10     | Killed a two-headed ogre
  7414 | D:10     | Reached skill level 19 in Polearms
  7414 | D:10     | Reached XP level 11. HP: 74/75 MP: 11/11
  7434 | D:10     | XOM: god gift: staff of cold
  7514 | D:10     | XOM: silly message
  7591 | D:10     | XOM: 2-stop teleportation journey
  7623 | D:10     | Found a stormy altar of Qazlal.
  7674 | D:10     | XOM: give mutations
  7674 | D:10     | Lost mutation: Your natural rate of healing is unusually
                  | fast. [Xom's mischief]
  7674 | D:10     | Lost mutation: You are highly strong-willed. (Will++)
                  | [Xom's mischief]
  7674 | D:10     | Gained mutation: You have hidden genetic potential. [Xom's
                  | mischief]
  7816 | D:10     | Identified the +5 trident of the Ninety-Nine Quests {speed,
                  | rCorr}
  7933 | D:10     | XOM is BORED!
  7933 | D:10     | XOM: summons 2 hostile shadow creatures
  7934 | D:10     | Noticed a two-headed ogre
  8040 | D:10     | Found a staircase to the Lair.
  8064 | D:10     | Reached skill level 20 in Polearms
  8099 | D:10     | Found a hazy altar of Hepliaklqana.
  8194 | Lair:1   | Entered Level 1 of the Lair of Beasts
  8202 | Lair:1   | Noticed a spriggan rider
  8239 | Lair:1   | XOM: enchant monster (bad)
  8297 | D:10     | Reached skill level 4 in Fighting
  8315 | Lair:1   | Killed a spriggan rider
  8316 | Lair:1   | Reached skill level 8 in Dodging
  8380 | Lair:1   | Reached skill level 5 in Fighting
  8447 | Lair:1   | XOM: confuse monster(s)
  8536 | Lair:1   | Reached skill level 9 in Dodging
  8601 | Lair:1   | XOM: 3-stop teleportation journey
  8630 | Lair:1   | Reached skill level 6 in Fighting
  9026 | Lair:2   | Noticed an eight-headed hydra
  9028 | Lair:1   | XOM: stat loss: -1 Dex (21/22)
  9037 | Lair:1   | Reached skill level 10 in Dodging
  9087 | Lair:2   | Reached skill level 7 in Fighting
  9092 | Lair:2   | XOM: swap monsters
  9123 | Lair:2   | Reached XP level 12. HP: 91/91 MP: 12/12
  9132 | Lair:2   | XOM: give mutations
  9132 | Lair:2   | Lost mutation: You have hidden genetic potential. [Xom's
                  | mischief]
  9132 | Lair:2   | Lost mutation: You expend magic power (3 MP) to strengthen
                  | your wands. [Xom's mischief]
  9164 | Lair:2   | XOM: confuse monster(s)
  9165 | Lair:2   | XOM: potion effect (heal wounds)
  9168 | Lair:2   | Reached skill level 11 in Dodging
  9175 | Lair:2   | Reached skill level 8 in Fighting
  9188 | Lair:2   | Paralysed by a hornet for 3 turns
  9230 | Lair:2   | Killed a two-headed hydra
  9231 | Lair:2   | Noticed a skyshark
  9232 | Lair:2   | XOM: enchant monster (bad)
  9251 | Lair:2   | Killed a skyshark
  9255 | Lair:2   | XOM: summons 1 hostile demon
  9261 | Lair:2   | Reached skill level 12 in Dodging
  9263 | Lair:2   | Reached skill level 9 in Fighting
  9552 | Lair:2   | XOM: confusion
  9589 | Lair:2   | Noticed a skyshark
  9602 | Lair:2   | Killed a skyshark
  9889 | Lair:2   | XOM: silly message
 10034 | Lair:2   | XOM: silly message
 10135 | Lair:3   | Reached skill level 1 in Evocations
 10272 | Lair:3   | You are sucked into a shaft and drop 2 floors!
 10272 | Lair:5   | Entered Level 5 of the Lair of Beasts
 10273 | Lair:5   | Noticed a six-headed hydra
 10284 | Lair:5   | Reached skill level 2 in Evocations
 10292 | Lair:5   | Noticed an eight-headed hydra
 10309 | Lair:5   | XOM: give mutations
 10309 | Lair:5   | Gained mutation: [You sometimes lose your temper in
                  | combat.] [Xom's mischief]
 10309 | Lair:5   | Lost mutation: You are agile. (Dex +4, Str/Int -1) [Xom's
                  | mischief]
 10309 | Lair:5   | Gained mutation: You are frail. (-10% HP) [Xom's mischief]
 10314 | Lair:5   | Reached skill level 10 in Fighting
 10433 | Lair:5   | Noticed a death yak
 10436 | Lair:5   | Noticed a death yak
 10436 | Lair:5   | Noticed a death yak
 10437 | Lair:5   | Noticed a death yak
 10437 | Lair:5   | Noticed a death yak
 10438 | Lair:5   | Noticed a death yak
 10444 | Lair:4   | Found a viscous altar of Jiyva.
 10444 | Lair:4   | Found a staircase to the Slime Pits.
 10452 | Lair:4   | Reached skill level 3 in Evocations
 10452 | Lair:4   | Killed a death yak
 10496 | Lair:4   | Noticed a death yak
 10498 | Lair:4   | Noticed a death yak
 10499 | Lair:4   | Noticed a death yak
 10520 | Lair:4   | XOM: enchant monster (bad)
 10525 | Lair:4   | XOM: potion effect (heal wounds)
 10533 | Lair:4   | Killed a death yak
 10534 | Lair:4   | Reached skill level 4 in Evocations
 10537 | Lair:4   | XOM: scenery: summon butterflies
 10541 | Lair:4   | XOM: polymorph butterfly -> river rat
 10549 | Lair:4   | Killed a death yak
 10550 | Lair:4   | Reached XP level 13. HP: 93/94 MP: 13/13
 10550 | Lair:4   | XOM: summons friendly iron imp
 10554 | Lair:4   | Reached skill level 11 in Fighting
 10559 | Lair:4   | Reached skill level 5 in Evocations
 10584 | Lair:3   | Lost mutation: You are completely covered in iridescent
                  | scales. (AC +6) [potion of mutation]
 10584 | Lair:3   | Lost mutation: You are strong-willed. (Will+) [potion of
                  | mutation]
 10584 | Lair:3   | Lost mutation: You are mostly covered in iridescent scales.
                  | (AC +4) [potion of mutation]
 10584 | Lair:3   | Gained mutation: You have supernaturally acute eyesight.
                  | (SInv) [potion of mutation]
 10584 | Lair:3   | Gained mutation: [Your body sometimes deteriorates upon
                  | taking damage.] [potion of mutation]
 10584 | Lair:3   | Lost mutation: You are frail. (-10% HP) [potion of
                  | mutation]
 10585 | Lair:3   | Lost mutation: You have supernaturally acute eyesight.
                  | (SInv) [potion of mutation]
 10585 | Lair:3   | Lost mutation: You have very sharp fingernails. [potion of
                  | mutation]
 10585 | Lair:3   | Lost mutation: Your movements are slightly less encumbered
                  | by armour. (ER -2) [potion of mutation]
 10585 | Lair:3   | Gained mutation: [You occasionally lose the ability to
                  | drink potions when taking damage.] [potion of mutation]
 10585 | Lair:3   | Gained mutation: You are frail. (-10% HP) [potion of
                  | mutation]
 10675 | Lair:3   | Found a staircase to the Snake Pit.
 10776 | Lair:3   | Identified the +1 ring mail of Noon {Will+} (Xom gifted it
                  | to you on level 3 of the Lair of Beasts)
 10776 | Lair:3   | XOM: god gift: +1 ring mail of Noon {Will+}
 10858 | Lair:3   | XOM: summons friendly ufetubus
 11033 | Lair:3   | XOM: confuse monster(s)
 11034 | Lair:3   | XOM: polymorph water moccasin -> shapeshifter
 11082 | Lair:3   | XOM: stat loss: -1 Str (11/12)
 11102 | Lair:3   | Reached skill level 6 in Evocations
 11105 | Lair:3   | Found a staircase to the Swamp.
 11308 | Lair:4   | Identified the +3 war axe "Ocirghiv" {venom, rC+ Int+3
                  | Dex+3 Stlth+}
 11324 | Lair:4   | XOM: blink monster(s)
 11455 | Lair:4   | XOM: 5-stop teleportation journey
 11491 | Lair:4   | XOM: summons 2 hostile demons
 11776 | Lair:4   | XOM: scenery: summon butterflies
 11795 | Lair:4   | XOM: 8-stop teleportation journey
 11996 | Lair:4   | Reached skill level 12 in Fighting
 12118 | Lair:4   | Fell from the grace of Xom
 12118 | Lair:4   | Became a worshipper of Jiyva Jaiff the Shapeless
 12149 | Lair:4   | Reached skill level 7 in Evocations
 12601 | D:11     | Reached * piety under Jiyva
 13138 | D:11     | Identified the ring of Xom's Outrage {*Corrode rN+++ Int+6
                  | Dex+3 Slay+4}
 13240 | D:11     | Found a staircase to the Orcish Mines.
 13402 | D:12     | Reached ** piety under Jiyva
 13438 | D:11     | Reached skill level 8 in Evocations
 13461 | D:12     | Reached skill level 13 in Fighting
 13708 | D:12     | Reached XP level 14. HP: 106/106 MP: 14/14
 13826 | D:12     | Reached skill level 4 in Armour
 13965 | D:12     | XOM: polymorph jelly -> river rat
 14131 | D:13     | Noticed Lodul
 14131 | D:13     | Noticed Nessos
 14131 | D:13     | Found a gate to the Vaults.
 14179 | D:13     | Lost mutation: [Your body sometimes deteriorates upon
                  | taking damage.] [potion of mutation]
 14179 | D:13     | Lost mutation: You have sharp fingernails. [potion of
                  | mutation]
 14179 | D:13     | Gained mutation: Your magical capacity is low. (-10% MP)
                  | [potion of mutation]
 14179 | D:13     | Gained mutation: You are strong-willed. (Will+) [potion of
                  | mutation]
 14240 | D:13     | Killed Lodul
 14276 | D:13     | Reached skill level 14 in Fighting
 14334 | D:13     | Nessos changed into Nessos the torpor snail
 14334 | D:13     | Noticed Nessos
 14336 | D:13     | Reached skill level 5 in Armour
 14340 | D:13     | Killed Nessos the torpor snail
 14546 | D:13     | Noticed hattop's ghost (journeyman MiFi)
 14567 | D:13     | Reached *** piety under Jiyva
 14573 | D:13     | Found a runed translucent gate.
 14573 | D:13     | Found a runed translucent gate.
 14573 | D:13     | Found a runed translucent gate.
 14576 | D:13     | Lost mutation: You are frail. (-10% HP) [Jiyva's grace]
 14576 | D:13     | Gained mutation: You have a pair of small horns on your
                  | head. [Jiyva's grace]
 14576 | D:13     | Gained mutation: You have a pair of horns on your head.
                  | [Jiyva's grace]
 14576 | D:13     | Gained mutation: You have a pair of large horns on your
                  | head. [Jiyva's grace]
 14576 | D:13     | Gained mutation: You are mostly covered in iridescent
                  | scales. (AC +4) [Jiyva's grace]
 14655 | D:13     | Killed hattop's ghost
 14669 | D:13     | Got the ring "Viteblu" {Fire Drain rElec rPois Dex+8}
 14914 | D:13     | Reached skill level 13 in Dodging
 14935 | D:13     | Reached skill level 15 in Fighting
 15291 | Lair:5   | XOM: noise
 15358 | Lair:5   | XOM: 1-stop teleportation journey
 15359 | Lair:5   | Reached **** piety under Jiyva
 15365 | Lair:5   | Reached skill level 14 in Dodging
 15444 | Lair:5   | Reached XP level 15. HP: 119/130 MP: 13/13
 15527 | Lair:5   | Reached skill level 16 in Fighting
 15542 | Lair:5   | Reached skill level 15 in Dodging
 15678 | Lair:5   | XOM: silly message
 16577 | Orc:1    | Entered Level 1 of the Orcish Mines
 16577 | Orc:1    | Found Loulave's Weapon Emporium.
 16656 | Orc:2    | Entered Level 2 of the Orcish Mines
 16656 | Orc:2    | Lost mutation: You have a pair of large horns on your head.
                  | [Jiyva's grace]
 16656 | Orc:2    | Lost mutation: Your magical capacity is low. (-10% MP)
                  | [Jiyva's grace]
 16656 | Orc:2    | Lost mutation: You are strong-willed. (Will+) [Jiyva's
                  | grace]
 16656 | Orc:2    | Lost mutation: [You occasionally lose the ability to drink
                  | potions when taking damage.] [Jiyva's grace]
 16656 | Orc:2    | Gained mutation: You have a small jelly attached to you
                  | that may absorb projectiles. [Jiyva's grace]
 16656 | Orc:2    | Gained mutation: Your translucent skin slightly reduces
                  | your foes' accuracy. (Stealth+) [Jiyva's grace]
 16656 | Orc:2    | Gained mutation: Your translucent skin reduces your foes'
                  | accuracy. (Stealth+) [Jiyva's grace]
 16656 | Orc:2    | Gained mutation: Your transparent skin significantly
                  | reduces your foes' accuracy. (Stealth+) [Jiyva's grace]
 16733 | Orc:2    | Reached skill level 16 in Dodging
 17119 | Orc:2    | Found Soirob's Magic Scroll Boutique.
 17119 | Orc:2    | Found Qaurodul's Book Emporium.
 17119 | Orc:2    | Found Doqocvid's Antique Weapon Shoppe.
 17122 | Orc:2    | Found Qataet's Distillery.
 17139 | Orc:2    | Bought an ancient halberd for 225 gold pieces
 17139 | Orc:2    | Identified the +2 halberd of the Depths {flame, *Noise
                  | Int+2 Dex+5 Stlth+} (You bought it in a shop on level 2 of
                  | the Orcish Mines)
 17177 | Orc:2    | Found a staircase to the Elven Halls.
 17196 | Orc:2    | Reached ***** piety under Jiyva
 17411 | Orc:1    | Paralysed by an orc sorcerer for 4 turns
 17418 | Orc:1    | Reached skill level 17 in Fighting
 17692 | Orc:2    | Bought a scroll of poison for 44 gold pieces
 17692 | Orc:2    | Bought a scroll of poison for 44 gold pieces
 17692 | Orc:2    | Bought a scroll of revelation for 82 gold pieces
 17694 | Orc:2    | Bought a potion of curing for 42 gold pieces
 17694 | Orc:2    | Bought a potion of might for 56 gold pieces
 17694 | Orc:2    | Bought a potion of curing for 42 gold pieces
 17694 | Orc:2    | Bought 2 potions of curing for 84 gold pieces
 17694 | Orc:2    | Bought a potion of haste for 140 gold pieces
 17731 | Orc:1    | XOM: summons 2 hostile shadow creatures
 17847 | D:14     | XOM: 1-stop teleportation journey
 18106 | D:14     | You are sucked into a shaft and drop 1 floor!
 18106 | D:15     | XOM: noise
 18106 | D:15     | Entered Level 15 of the Dungeon
 18112 | D:15     | XOM: give mutation
 18112 | D:15     | Lost mutation: Your transparent skin significantly reduces
                  | your foes' accuracy. (Stealth+) [Xom's mischief]
 18128 | D:15     | XOM: 1-stop teleportation journey
 18156 | D:14     | XOM: give mutations
 18156 | D:14     | Lost mutation: You have a small jelly attached to you that
                  | may absorb projectiles. [Xom's mischief]
 18156 | D:14     | Lost mutation: Your translucent skin reduces your foes'
                  | accuracy. (Stealth+) [Xom's mischief]
 18156 | D:14     | Gained mutation: Your magical capacity is low. (-10% MP)
                  | [Xom's mischief]
 18178 | D:14     | Found a blossoming altar of Fedhas.
 18387 | D:14     | XOM: summons 1 hostile demon
 18437 | D:15     | Found the +3 robe of Clouds {*Thunder rCloud rElec}
 18450 | D:15     | Reached skill level 17 in Dodging
 18576 | D:15     | Found a staircase to the Depths.
 18603 | D:15     | Lost mutation: You have a pair of horns on your head.
                  | [Jiyva's grace]
 18603 | D:15     | Lost mutation: [You sometimes lose your temper in combat.]
                  | [Jiyva's grace]
 18603 | D:15     | Gained mutation: You are completely covered in iridescent
                  | scales. (AC +6) [Jiyva's grace]
 18603 | D:15     | Gained mutation: You are covered in slimy tendrils that may
                  | disarm your opponents. [Jiyva's grace]
 18603 | D:15     | Gained mutation: Your flesh is heat resistant. (rF+)
                  | [Jiyva's grace]
 18603 | D:15     | Gained mutation: Your flesh is very heat resistant. (rF++)
                  | [Jiyva's grace]
 18734 | D:15     | Reached XP level 16. HP: 132/143 MP: 14/14
 19284 | Snake:1  | Entered Level 1 of the Snake Pit
 19338 | Snake:1  | Reached ****** piety under Jiyva
 19388 | Snake:1  | Found a transporter.
 19596 | Snake:1  | Reached skill level 18 in Fighting
 19693 | Snake:1  | XOM: give mutations
 19693 | Snake:1  | Gained mutation: You are dopey. (Int -2) [Xom's mischief]
 19693 | Snake:1  | Lost mutation: You are dopey. (Int -2) [Xom's mischief]
 19693 | Snake:1  | Gained mutation: You are weak. (Str -2) [Xom's mischief]
 19773 | Snake:1  | Found a transporter.
 19846 | Slime:1  | Entered Level 1 of the Pits of Slime
 19883 | Slime:1  | Noticed an acid blob
 19889 | Slime:2  | Noticed an acid blob
 19893 | Slime:3  | Noticed an acid blob
 19897 | Slime:3  | Noticed an acid blob
 19904 | Slime:4  | Noticed a rockslime
 19907 | Slime:4  | XOM: 2-stop teleportation journey
 19923 | Slime:5  | Entered Level 5 of the Pits of Slime
 19941 | Slime:5  | Found a viscous altar of Jiyva.
 19941 | Slime:5  | Noticed an azure jelly
 19943 | Slime:5  | Noticed an acid blob
 19960 | Slime:5  | Noticed an acid blob
 19964 | Slime:5  | Noticed the Royal Jelly
 20025 | Slime:5  | Noticed an acid blob
 20050 | Slime:5  | Noticed an acid blob
 20055 | Slime:5  | Noticed a rockslime
 20057 | Slime:5  | Noticed an acid blob
 20061 | Slime:5  | Identified the ring "Plog" {rPois rC++ Str+6 Dex+5}
 20064 | Slime:5  | Got a slimy rune of Zot
 20067 | Slime:5  | Noticed an azure jelly
 20093 | Slime:5  | Noticed an acid blob
 20133 | Slime:5  | Found the +1 robe of Vines {NoPotionHeal Regen++++}
 20139 | Slime:5  | Identified the +1 robe of Refuge {*Corrode +Inv rPois rN+}
 20141 | Slime:5  | Identified the +6 dagger of Hepliaklqana, Writhing {heavy,
                  | rC+ Stlth+}
 20148 | Slime:5  | Identified the +2 plate armour of Fuicwo {Dex+2}
 20165 | Slime:5  | XOM: summons 1 hostile demon
 20175 | Slime:5  | Noticed an acid blob
 20331 | Slime:1  | Noticed an acid blob
 20451 | Vaults:1 | Entered Level 1 of the Vaults
 20459 | Vaults:1 | Lost mutation: Your magical capacity is low. (-10% MP)
                  | [Jiyva's grace]
 20459 | Vaults:1 | Lost mutation: You are weak. (Str -2) [Jiyva's grace]
 20459 | Vaults:1 | Gained mutation: You have a small jelly attached to you
                  | that senses nearby items. [Jiyva's grace]
 20459 | Vaults:1 | Gained mutation: You have hidden genetic potential.
                  | [Jiyva's grace]
 20459 | Vaults:1 | Gained mutation: You have great hidden genetic potential.
                  | [Jiyva's grace]
 20459 | Vaults:1 | Gained mutation: You possess an exceptional clarity of
                  | mind. [Jiyva's grace]
 20537 | Vaults:1 | Reached skill level 18 in Dodging
 20561 | Vaults:1 | XOM: give mutations
 20561 | Vaults:1 | Gained mutation: You have a somewhat thin skeletal
                  | structure. (Dex +2, Stealth+) [Xom's grace]
 20561 | Vaults:1 | Gained mutation: You are robust. (+10% HP) [Xom's grace]
 20561 | Vaults:1 | Gained mutation: You have a pair of horns on your head.
                  | [Xom's grace]
 20561 | Vaults:1 | Gained mutation: Your spells are a little harder to cast,
                  | but a little more powerful. [Xom's grace]
 20745 | Vaults:1 | Found Feyg's Distillery.
 20752 | Vaults:1 | Noticed Zenata
 20753 | Vaults:1 | Bought a potion of might for 68 gold pieces
 20753 | Vaults:1 | Bought a potion of heal wounds for 85 gold pieces
 20753 | Vaults:1 | Bought a potion of heal wounds for 85 gold pieces
 20753 | Vaults:1 | Bought a potion of curing for 51 gold pieces
 20753 | Vaults:1 | Bought a potion of cancellation for 136 gold pieces
 20762 | Vaults:1 | XOM: give mutations
 20762 | Vaults:1 | Lost mutation: Your flesh is very heat resistant. (rF++)
                  | [Xom's mischief]
 20762 | Vaults:1 | Lost mutation: Your spells are a little harder to cast, but
                  | a little more powerful. [Xom's mischief]
 20762 | Vaults:1 | Lost mutation: You have a somewhat thin skeletal structure.
                  | (Dex +2, Stealth+) [Xom's mischief]
 20770 | Vaults:1 | Killed Zenata
 20799 | Vaults:1 | Noticed Norris
 20812 | Vaults:1 | Killed Norris
 20887 | Vaults:1 | Noticed Asterion
 20907 | Vaults:1 | Killed Asterion
 20908 | Vaults:1 | Reached skill level 19 in Dodging
 21391 | Vaults:1 | Identified the +1 robe of the Abyss {rF- Str+7 Int-2
                  | Slay+2}
 21447 | Vaults:1 | Noticed a sphinx
 21456 | Vaults:1 | Killed a sphinx
 21997 | Snake:2  | Lost mutation: You are completely covered in iridescent
                  | scales. (AC +6) [Jiyva's grace]
 21997 | Snake:2  | Lost mutation: You are mostly covered in iridescent scales.
                  | (AC +4) [Jiyva's grace]
 21997 | Snake:2  | Gained mutation: You expend magic power (3 MP) to
                  | strengthen your wands. [Jiyva's grace]
 21997 | Snake:2  | Gained mutation: Your system is resistant to poisons.
                  | (rPois) [Jiyva's grace]
 21997 | Snake:2  | Gained mutation: You have supernaturally acute eyesight.
                  | (SInv) [Jiyva's grace]
 21997 | Snake:2  | Gained mutation: Your flesh is very heat resistant. (rF++)
                  | [Jiyva's grace]
 21998 | Snake:2  | Found Nifo Bips's Gadget Gallery.
 22012 | Snake:2  | Noticed a nagaraja
 22019 | Snake:2  | Found Jamomism's Weapon Emporium.
 22028 | Snake:2  | Killed a nagaraja
 22029 | Snake:2  | Reached skill level 19 in Fighting
 22065 | Snake:2  | Bought a wand of digging (4) for 218 gold pieces
 22065 | Snake:2  | Bought a condenser vane for 520 gold pieces
 22065 | Snake:2  | Bought a lightning rod (4/4) for 520 gold pieces
 22264 | Snake:2  | Found Coliluma's Distillery.
 22268 | Snake:2  | Bought a potion of heal wounds for 70 gold pieces
 22268 | Snake:2  | Bought a potion of heal wounds for 70 gold pieces
 22268 | Snake:2  | Bought a potion of heal wounds for 70 gold pieces
 22268 | Snake:2  | Bought a potion of curing for 42 gold pieces
 22318 | Snake:2  | Found a sparkling altar of Nemelex Xobeh.
 22467 | Snake:2  | XOM: give mutations
 22467 | Snake:2  | Lost mutation: You have great hidden genetic potential.
                  | [Xom's mischief]
 22467 | Snake:2  | Lost mutation: You are robust. (+10% HP) [Xom's mischief]
 22490 | Snake:2  | Reached skill level 9 in Evocations
 23016 | Snake:3  | Found Suonuj's Book Shoppe.
 23071 | Snake:3  | Noticed a nagaraja
 23090 | Snake:3  | Killed a nagaraja
 23143 | Snake:3  | Noticed a nagaraja
 23145 | Snake:3  | Noticed a nagaraja
 23147 | Snake:3  | Noticed a nagaraja
 23152 | Snake:3  | Noticed Aizul
 23202 | Snake:3  | Killed a nagaraja
 23203 | Snake:3  | Reached XP level 17. HP: 125/153 MP: 17/17
 23282 | Snake:3  | Killed Aizul
 23295 | Snake:3  | XOM: repel stairs
 23304 | Snake:3  | Reached skill level 10 in Evocations
 23347 | Snake:3  | Gained mutation: Your flesh is almost immune to the effects
                  | of heat. (rF+++) [hidden potential]
 23363 | Snake:3  | Found Zureddit's Antique Armour Emporium.
 23606 | Snake:3  | Found Yseff's Weapon Shoppe.
 23711 | Snake:3  | Found Quxidupo's Weapon Shop.
 23742 | Snake:3  | Found Gadim's Weapon Emporium.
 23998 | Abyss:3  | Cast into level 3 of the Abyss (Xom)
 24005 | Abyss:3  | Found a corrupted altar of Lugonu.
 24024 | Abyss:3  | Lost mutation: You have supernaturally acute eyesight.
                  | (SInv) [Jiyva's grace]
 24024 | Abyss:3  | Lost mutation: You have hidden genetic potential. [Jiyva's
                  | grace]
 24024 | Abyss:3  | Lost mutation: You expend magic power (3 MP) to strengthen
                  | your wands. [Jiyva's grace]
 24024 | Abyss:3  | Gained mutation: You have acidic saliva. [Jiyva's grace]
 24024 | Abyss:3  | Gained mutation: Your movements are slightly less
                  | encumbered by armour. (ER -2) [Jiyva's grace]
 24024 | Abyss:3  | Gained mutation: Your movements are less encumbered by
                  | armour. (ER -4) [Jiyva's grace]
 24024 | Abyss:3  | Gained mutation: Your movements are significantly less
                  | encumbered by armour. (ER -6) [Jiyva's grace]
 24064 | Abyss:3  | Reached skill level 21 in Polearms
 24120 | Abyss:3  | Noticed a tentacled starspawn
 24131 | Abyss:3  | Killed a tentacled starspawn
 24154 | Abyss:3  | Noticed a tentacled starspawn
 24169 | Abyss:3  | Paralysed by accursed screaming for 1 turns
 24174 | Abyss:3  | Killed a tentacled starspawn
 24180 | Abyss:3  | XOM: summons 1 hostile shadow creature
 24188 | Abyss:3  | Found a corrupted altar of Lugonu.
 24194 | Abyss:3  | XOM: stat loss: -1 Int (27/28)
 24338 | Abyss:3  | Reached skill level 11 in Evocations
 24509 | Snake:3  | You pass through the gate.
 24509 | Snake:3  | Escaped the Abyss
 24514 | Snake:3  | XOM: god gift: ring of positive energy
 24514 | Snake:3  | Was forgiven by Xom
 24828 | Snake:4  | Entered Level 4 of the Snake Pit
 24828 | Snake:4  | Found Seduem's Antique Weapon Boutique.
 24987 | Snake:4  | Reached skill level 6 in Armour
 25118 | Snake:4  | Identified the +2 scale mail of Insecurity {Will+ Str+3
                  | Int-5}
 25302 | Snake:4  | Reached skill level 20 in Fighting
 25314 | Snake:4  | Reached skill level 7 in Armour
 25344 | Snake:4  | Reached XP level 18. HP: 81/162 MP: 18/18
 25707 | Snake:4  | Found a runed translucent door.
 25711 | Snake:4  | Noticed Rayk's ghost (journeyman FeSh)
 25883 | Snake:4  | Lost mutation: You are partially covered in iridescent
                  | scales. (AC +2) [Jiyva's grace]
 25883 | Snake:4  | Lost mutation: You have acidic saliva. [Jiyva's grace]
 25883 | Snake:4  | Lost mutation: You are covered in slimy tendrils that may
                  | disarm your opponents. [Jiyva's grace]
 25883 | Snake:4  | Lost mutation: Your movements are significantly less
                  | encumbered by armour. (ER -6) [Jiyva's grace]
 25883 | Snake:4  | Lost mutation: Your movements are less encumbered by
                  | armour. (ER -4) [Jiyva's grace]
 25883 | Snake:4  | Gained mutation: Your rubbery body absorbs attacks. (AC +1,
                  | EV +1) [Jiyva's grace]
 25883 | Snake:4  | Gained mutation: Your pliable body absorbs attacks. (AC +2,
                  | EV +2) [Jiyva's grace]
 25883 | Snake:4  | Gained mutation: Your gelatinous body deflects attacks. (AC
                  | +3, EV +3) [Jiyva's grace]
 25883 | Snake:4  | Gained mutation: You are covered in slimy tendrils that may
                  | disarm your opponents. [Jiyva's grace]
 26166 | Snake:4  | Reached skill level 8 in Armour
 26286 | Snake:4  | Got a serpentine rune of Zot
 26973 | Vaults:2 | Reached skill level 21 in Fighting
 27298 | Vaults:2 | Reached skill level 9 in Armour
 27565 | Vaults:2 | Found a staircase to the Crypt.
 28284 | Vaults:3 | Reached XP level 19. HP: 172/174 MP: 19/19
 28533 | Vaults:3 | Reached skill level 20 in Dodging
 28839 | Vaults:3 | Lost mutation: Your gelatinous body deflects attacks. (AC
                  | +3, EV +3) [Jiyva's grace]
 28839 | Vaults:3 | Lost mutation: Your pliable body absorbs attacks. (AC +2,
                  | EV +2) [Jiyva's grace]
 28839 | Vaults:3 | Gained mutation: You have a pair of large horns on your
                  | head. [Jiyva's grace]
 28839 | Vaults:3 | Gained mutation: You have acidic saliva. [Jiyva's grace]
 28839 | Vaults:3 | Gained mutation: Armour fits poorly on your pseudopods.
                  | [Jiyva's grace]
 28839 | Vaults:3 | Gained mutation: Armour fits poorly on your large
                  | pseudopods. [Jiyva's grace]
 28868 | Vaults:3 | Reached skill level 22 in Fighting
 29010 | Vaults:3 | Identified the +2 kite shield of Ungaarow {rElec rC- Str+3}
 29011 | Vaults:3 | Identified the ring "Inigaada" {Wiz rN+ Str+4 Int+3 Dex+2}
 29227 | Vaults:4 | Noticed Xtahua
 29231 | Vaults:4 | Paralysed by Xtahua for 3 turns
 29241 | Vaults:4 | Killed Xtahua
 29540 | Vaults:4 | Reached skill level 21 in Dodging
 29790 | Vaults:4 | Found Ebraocw's Antique Armour Emporium.
 29859 | Vaults:4 | Lost mutation: You have a pair of large horns on your head.
                  | [Jiyva's grace]
 29859 | Vaults:4 | Lost mutation: Your flesh is almost immune to the effects
                  | of heat. (rF+++) [Jiyva's grace]
 29859 | Vaults:4 | Lost mutation: Your flesh is very heat resistant. (rF++)
                  | [Jiyva's grace]
 29859 | Vaults:4 | Lost mutation: Armour fits poorly on your large pseudopods.
                  | [Jiyva's grace]
 29859 | Vaults:4 | Lost mutation: You have a small jelly attached to you that
                  | senses nearby items. [Jiyva's grace]
 29859 | Vaults:4 | Gained mutation: You have a somewhat thin skeletal
                  | structure. (Dex +2, Stealth+) [Jiyva's grace]
 29859 | Vaults:4 | Gained mutation: You have a moderately thin skeletal
                  | structure. (Dex +4, Stealth++) [Jiyva's grace]
 29859 | Vaults:4 | Gained mutation: You have an unnaturally thin skeletal
                  | structure. (Dex +6, Stealth+++) [Jiyva's grace]
 29859 | Vaults:4 | Gained mutation: You have a pair of large horns on your
                  | head. [Jiyva's grace]
 30477 | Elf:1    | Entered Level 1 of the Elven Halls
 30500 | Elf:1    | Found a radiant altar of Vehumet.
 30729 | Elf:1    | Found Opaosmebb's Book Emporium.
 30912 | Elf:1    | Reached skill level 23 in Fighting
 31515 | Elf:2    | Reached skill level 22 in Dodging
 31535 | Elf:2    | Reached XP level 20. HP: 159/185 MP: 20/20
 31705 | Elf:2    | Lost mutation: You possess an exceptional clarity of mind.
                  | [Jiyva's grace]
 31705 | Elf:2    | Lost mutation: You have acidic saliva. [Jiyva's grace]
 31705 | Elf:2    | Lost mutation: Your translucent skin slightly reduces your
                  | foes' accuracy. (Stealth+) [Jiyva's grace]
 31705 | Elf:2    | Lost mutation: Your movements are slightly less encumbered
                  | by armour. (ER -2) [Jiyva's grace]
 31705 | Elf:2    | Gained mutation: You have a small jelly attached to you
                  | that may absorb projectiles. [Jiyva's grace]
 31705 | Elf:2    | Gained mutation: You have hidden genetic potential.
                  | [Jiyva's grace]
 31705 | Elf:2    | Gained mutation: You have great hidden genetic potential.
                  | [Jiyva's grace]
 31705 | Elf:2    | Gained mutation: You are partially covered in iridescent
                  | scales. (AC +2) [Jiyva's grace]
 31721 | Elf:2    | Paralysed by an air elemental for 1 turns
 31812 | Elf:2    | Found Cugunigreth's Weapon Shoppe.
 31903 | Elf:2    | Found Uhoileer's Self-Improvement Boutique.
 31943 | Elf:2    | Found a runed translucent gate.
 31943 | Elf:2    | Found a runed translucent gate.
 31943 | Elf:2    | Found a runed translucent gate.
 32152 | Elf:3    | Entered Level 3 of the Elven Halls
 32411 | Elf:3    | You are cast into the Abyss!
 32411 | Abyss:3  | Cast into level 3 of the Abyss (a deep elf demonologist)
 32484 | Abyss:3  | Found a corrupted altar of Lugonu.
 32534 | Abyss:3  | Noticed a bone dragon
 32565 | Abyss:3  | Killed a bone dragon
 32726 | Elf:3    | You pass through the gate.
 32726 | Elf:3    | Escaped the Abyss
 32736 | Elf:3    | Gained mutation: You are weak. (Str -2) [a neqoxec]
 32839 | Elf:3    | Reached skill level 23 in Dodging
 32884 | Elf:3    | Identified the +3 short sword of the Ecumenical Temple
                  | {freeze, rElec}
 32885 | Elf:3    | Identified the +4 trident of the Walnut {freeze, +Blink rC+
                  | Str-3 Dex+5}
 32889 | Elf:3    | Reached skill level 24 in Fighting
 33013 | Elf:3    | Identified the +1 plate armour of the Wary Friends {rC-
                  | rN++ SInv}
 33035 | Elf:3    | You are cast into the Abyss!
 33035 | Abyss:3  | Cast into level 3 of the Abyss (a deep elf demonologist)
 33064 | Elf:3    | You pass through the gate.
 33064 | Elf:3    | Escaped the Abyss
 33125 | Elf:3    | You are cast into the Abyss!
 33125 | Abyss:3  | Noticed an ancient lich
 33125 | Abyss:3  | Cast into level 3 of the Abyss (a deep elf sorcerer)
 33146 | Abyss:3  | Killed an ancient lich
 33196 | Abyss:3  | Paralysed by accursed screaming for 1 turns
 33278 | Abyss:3  | You are cast deeper into the Abyss!
 33286 | Elf:3    | You pass through the gate.
 33286 | Elf:3    | Escaped the Abyss
 33425 | Elf:3    | Found Hoibaps's Weapon Shoppe.
 33492 | Elf:3    | Reached skill level 24 in Dodging
 33571 | Elf:3    | Reached XP level 21. HP: 191/196 MP: 21/21
 33579 | Elf:3    | Identified the ring of Wiosoruz {rElec rF++ MP+9}
 33639 | Elf:3    | Identified the +11 battleaxe of the Inviting Oracle {drain,
                  | Contam rElec Str+6 Dex+3}
 33641 | Elf:3    | Identified the +1 battleaxe "Repreo" {drain, rPois Str+10
                  | Int-5}
 33641 | Elf:3    | Gained mutation: You are robust. (+10% HP) [hidden
                  | potential]
 33659 | Elf:3    | Lost mutation: You are partially covered in iridescent
                  | scales. (AC +2) [Jiyva's grace]
 33659 | Elf:3    | Lost mutation: You have great hidden genetic potential.
                  | [Jiyva's grace]
 33659 | Elf:3    | Lost mutation: You have hidden genetic potential. [Jiyva's
                  | grace]
 33659 | Elf:3    | Gained mutation: You possess an exceptional clarity of
                  | mind. [Jiyva's grace]
 33659 | Elf:3    | Gained mutation: Your movements are slightly less
                  | encumbered by armour. (ER -2) [Jiyva's grace]
 33659 | Elf:3    | Gained mutation: Your movements are less encumbered by
                  | armour. (ER -4) [Jiyva's grace]
 33659 | Elf:3    | Gained mutation: Your movements are significantly less
                  | encumbered by armour. (ER -6) [Jiyva's grace]
 33720 | Elf:3    | Noticed Bai Suzhen
 33737 | Elf:3    | Killed Bai Suzhen
 33760 | Elf:3    | Got a humming book
 33847 | Elf:3    | Identified the staff "Dujisub" {rElec rPois Str+3 Necro
                  | Poison}
 34129 | Elf:3    | Reached skill level 25 in Fighting
 34190 | Elf:3    | Got an upside-down book
 34992 | Vaults:5 | Entered Level 5 of the Vaults
 34995 | Vaults:5 | Noticed an ancient lich
 35004 | Vaults:5 | Killed an ancient lich
 35005 | Vaults:5 | Reached skill level 2 in Shields
 35005 | Vaults:5 | Identified the +10 dagger of Ugioqago {elec, Int+2}
 35007 | Vaults:5 | Reached skill level 3 in Shields
 35013 | Vaults:5 | Identified the +2 hand axe of Doubt {spect, SInv}
 35017 | Vaults:5 | Noticed a golden dragon
 35028 | Vaults:5 | Reached skill level 4 in Shields
 35093 | Vaults:5 | Noticed a golden dragon
 35115 | Vaults:5 | Killed a golden dragon
 35116 | Vaults:5 | Reached skill level 5 in Shields
 35155 | Vaults:5 | Identified the +5 scimitar "Ogre's Undoing" {heavy, rPois
                  | Dex+3 Stlth-}
 35183 | Vaults:5 | Reached skill level 6 in Shields
 35240 | Vaults:5 | Reached skill level 7 in Shields
 35248 | Vaults:5 | Identified the ring "Zexoqiet" {Will+ Int+3 SInv}
 35354 | Vaults:5 | You are cast into the Abyss!
 35354 | Abyss:4  | Cast into level 4 of the Abyss (tengu reaver)
 35401 | Abyss:4  | Found a corrupted altar of Lugonu.
 35411 | Abyss:4  | Found a corrupted altar of Lugonu.
 35444 | Vaults:5 | You pass through the gate.
 35444 | Vaults:5 | Escaped the Abyss
 35470 | Vaults:5 | Reached skill level 8 in Shields
 35621 | Vaults:5 | Reached skill level 9 in Shields
 35639 | Vaults:5 | Reached skill level 10 in Shields
 35666 | Vaults:5 | Reached XP level 22. HP: 155/226 MP: 22/22
 35755 | Vaults:5 | Reached skill level 11 in Shields
 35829 | Vaults:5 | Killed a golden dragon
 35844 | Vaults:5 | Identified the +4 spear "Qonic" {pain, rElec rCorr Str-4}
 35887 | Vaults:5 | Reached skill level 12 in Shields
 36048 | Vaults:5 | HP: 7/226 [stone giant/large rock (41)]
 36300 | Vaults:5 | Reached skill level 13 in Shields
 36345 | Vaults:5 | Noticed an ancient lich
 36369 | Vaults:5 | Killed an ancient lich
 36694 | Vaults:5 | Lost mutation: You have a pair of large horns on your head.
                  | [Jiyva's grace]
 36694 | Vaults:5 | Lost mutation: You have an unnaturally thin skeletal
                  | structure. (Dex +6, Stealth+++) [Jiyva's grace]
 36694 | Vaults:5 | Lost mutation: You have a moderately thin skeletal
                  | structure. (Dex +4, Stealth++) [Jiyva's grace]
 36694 | Vaults:5 | Lost mutation: You have a somewhat thin skeletal structure.
                  | (Dex +2, Stealth+) [Jiyva's grace]
 36694 | Vaults:5 | Lost mutation: Your system is resistant to poisons. (rPois)
                  | [Jiyva's grace]
 36694 | Vaults:5 | Lost mutation: You are covered in slimy tendrils that may
                  | disarm your opponents. [Jiyva's grace]
 36694 | Vaults:5 | Lost mutation: Your movements are significantly less
                  | encumbered by armour. (ER -6) [Jiyva's grace]
 36694 | Vaults:5 | Lost mutation: Your movements are less encumbered by
                  | armour. (ER -4) [Jiyva's grace]
 36694 | Vaults:5 | Gained mutation: Your melee attacks may engulf your foes in
                  | ooze. [Jiyva's grace]
 36694 | Vaults:5 | Gained mutation: You expend magic power (3 MP) to
                  | strengthen your wands. [Jiyva's grace]
 36694 | Vaults:5 | Gained mutation: You are strong-willed. (Will+) [Jiyva's
                  | grace]
 36694 | Vaults:5 | Gained mutation: You are highly strong-willed. (Will++)
                  | [Jiyva's grace]
 36777 | Vaults:5 | Got a silver rune of Zot
 36805 | Vaults:5 | Reached skill level 14 in Shields
 37195 | Swamp:1  | Entered Level 1 of the Swamp
 37241 | Swamp:1  | Noticed Donald
 37252 | Swamp:1  | Killed Donald
 37612 | Swamp:2  | Noticed Louise
 37622 | Swamp:2  | Killed Louise
 37914 | Swamp:2  | Identified the +1 robe of Rotation {rN+}
 38112 | Swamp:3  | Reached skill level 15 in Shields
 38116 | Swamp:3  | Lost mutation: You possess an exceptional clarity of mind.
                  | [Jiyva's grace]
 38116 | Swamp:3  | Lost mutation: You are highly strong-willed. (Will++)
                  | [Jiyva's grace]
 38116 | Swamp:3  | Lost mutation: You are weak. (Str -2) [Jiyva's grace]
 38116 | Swamp:3  | Lost mutation: Your rubbery body absorbs attacks. (AC +1,
                  | EV +1) [Jiyva's grace]
 38116 | Swamp:3  | Lost mutation: You have a small jelly attached to you that
                  | may absorb projectiles. [Jiyva's grace]
 38116 | Swamp:3  | Lost mutation: Your movements are slightly less encumbered
                  | by armour. (ER -2) [Jiyva's grace]
 38116 | Swamp:3  | Lost mutation: Your melee attacks may engulf your foes in
                  | ooze. [Jiyva's grace]
 38116 | Swamp:3  | Gained mutation: You have a small jelly attached to you
                  | that senses nearby items. [Jiyva's grace]
 38116 | Swamp:3  | Gained mutation: You are covered in slimy tendrils that may
                  | disarm your opponents. [Jiyva's grace]
 38116 | Swamp:3  | Gained mutation: You have hidden genetic potential.
                  | [Jiyva's grace]
 38116 | Swamp:3  | Gained mutation: You have great hidden genetic potential.
                  | [Jiyva's grace]
 38177 | Swamp:3  | Identified the +5 mace "Hydraslayer" {spect, Dex+5}
 38523 | Swamp:4  | Entered Level 4 of the Swamp
 38620 | Swamp:4  | Got a conspicuous book
 38839 | Swamp:4  | Reached skill level 10 in Armour
 38842 | Swamp:4  | Reached XP level 23. HP: 229/234 MP: 23/23
 39009 | Swamp:4  | Noticed the 27-headed Lernaean hydra
 39021 | Swamp:4  | Killed the 27-headed Lernaean hydra
 39120 | Swamp:4  | Got a decaying rune of Zot
 39555 | Depths:1 | Entered Level 1 of the Depths
 39615 | Depths:1 | Found a gateway to Hell.
 39981 | Depths:1 | Noticed Saint Roka
 39987 | Depths:1 | Found an ornate altar of the Wu Jian Council.
 40015 | Depths:1 | Found an opulent altar of Gozag.
 40184 | Depths:1 | Reached skill level 26 in Fighting
 40184 | Depths:1 | Reached skill level 11 in Armour
 40219 | Depths:1 | Found a one-way gate to the infinite horrors of the Abyss.
 40348 | Depths:1 | Lost mutation: You are strong-willed. (Will+) [Jiyva's
                  | grace]
 40348 | Depths:1 | Lost mutation: You are robust. (+10% HP) [Jiyva's grace]
 40348 | Depths:1 | Lost mutation: Armour fits poorly on your pseudopods.
                  | [Jiyva's grace]
 40348 | Depths:1 | Gained mutation: You have a pair of large horns on your
                  | head. [Jiyva's grace]
 40348 | Depths:1 | Gained mutation: Your spells are a little harder to cast,
                  | but a little more powerful. [Jiyva's grace]
 40348 | Depths:1 | Gained mutation: Your spells are harder to cast, but more
                  | powerful. [Jiyva's grace]
 40348 | Depths:1 | Gained mutation: Your spells are much harder to cast, but
                  | much more powerful. [Jiyva's grace]
 40632 | Depths:1 | Killed Saint Roka
 40908 | Depths:2 | Noticed a caustic shrike
 40926 | Depths:2 | Killed a caustic shrike
 41018 | Depths:2 | Identified the +2 helmet "Haucar" {Dex+7}
 41034 | Depths:2 | Gained mutation: Your muscles are strong. (Str +4, Int/Dex
                  | -1) [hidden potential]
 41037 | Depths:2 | Found a one-way gate leading to the halls of Pandemonium.
 41061 | Depths:2 | Noticed a golden dragon
 41081 | Depths:2 | Killed a golden dragon
 41094 | Depths:2 | Identified the ring of the Akabeko {Ice rCorr Dex+2}
 41094 | Depths:2 | Noticed Josephina
 41113 | Depths:2 | Killed Josephina
 41125 | Depths:2 | Reached skill level 25 in Dodging
 41364 | Depths:2 | Found a portal to a secret trove of treasure.
 41706 | Depths:3 | Reached skill level 12 in Armour
 41872 | Depths:3 | Identified a +2 robe of resistance
 41872 | Depths:3 | Noticed Boris
 41883 | Depths:3 | Killed Boris
 41884 | Depths:3 | Reached XP level 24. HP: 203/225 MP: 23/23
 41927 | Depths:3 | Lost mutation: You have a pair of large horns on your head.
                  | [Jiyva's grace]
 41927 | Depths:3 | Lost mutation: Your spells are much harder to cast, but
                  | much more powerful. [Jiyva's grace]
 41927 | Depths:3 | Lost mutation: You have great hidden genetic potential.
                  | [Jiyva's grace]
 41927 | Depths:3 | Lost mutation: You have hidden genetic potential. [Jiyva's
                  | grace]
 41927 | Depths:3 | Gained mutation: Your mind is acute. (Int +4, Str/Dex -1)
                  | [Jiyva's grace]
 41927 | Depths:3 | Gained mutation: Your mind is very acute. (Int +8, Str/Dex
                  | -2) [Jiyva's grace]
 41927 | Depths:3 | Gained mutation: You are resistant to electric shocks.
                  | (rElec) [Jiyva's grace]
 41927 | Depths:3 | Gained mutation: Your body has grown eyes which may confuse
                  | attackers. (Acc +3) [Jiyva's grace]
 42354 | Depths:3 | Found a one-way gateway to a ziggurat.
 42996 | Snake:4  | Killed Rayk's ghost
 43086 | Snake:3  | Bought the +8 trishula "Condemnation" {holy, anguish,
                  | *Noise Fly rN+} for 1630 gold pieces
 43086 | Snake:3  | Found the +8 trishula "Condemnation" {holy, anguish, *Noise
                  | Fly rN+}
 43434 | Depths:2 | You paid a toll of a +8 demon trident to enter a treasure
                  | trove
 43435 | Trove    | Entered a treasure trove
 43445 | Trove    | Identified a potion of experience
 43452 | Trove    | Reached XP level 25. HP: 186/186 MP: 23/23
 43459 | Trove    | Identified the scarf of Autotheism {rC+ rF+, Str+3}
 43498 | Trove    | Identified the amulet of Ucadghupt {Acrobat +Inv rElec
                  | Str+2}
 43500 | Trove    | Identified the amulet "Qera" {Faith rC+ Regen+ Slay+5}
 43502 | Trove    | Identified the amulet "Meurun" {Regen+ Str+3 SInv}
 43604 | Depths:4 | Entered Level 4 of the Depths
 43857 | Crypt:1  | Entered Level 1 of the Crypt
 43925 | Crypt:1  | Noticed Micliseo's ghost (adept GrFi)
 43973 | Crypt:1  | Identified the +9 spear of the Witching Gods {venom, rElec
                  | Str+4}
 44036 | Crypt:1  | Reached skill level 26 in Dodging
 44135 | Crypt:1  | Identified the staff "Binusow" {Fly rN+ rCorr Dex-4 Stlth-
                  | Necro}
 44187 | Crypt:1  | Found a transporter.
 44191 | Crypt:1  | Found a transporter.
 44358 | Crypt:1  | Reached skill level 13 in Armour
 44433 | Crypt:1  | Noticed a curse skull
 44445 | Crypt:1  | Killed a curse skull
 44833 | Crypt:2  | Noticed a curse skull
 44833 | Crypt:2  | Noticed a curse skull
 44833 | Crypt:2  | Noticed a curse skull
 44833 | Crypt:2  | Lost mutation: You have a pair of horns on your head.
                  | [Jiyva's grace]
 44833 | Crypt:2  | Lost mutation: Your flesh is heat resistant. (rF+) [Jiyva's
                  | grace]
 44833 | Crypt:2  | Lost mutation: Your spells are harder to cast, but more
                  | powerful. [Jiyva's grace]
 44833 | Crypt:2  | Lost mutation: You are covered in slimy tendrils that may
                  | disarm your opponents. [Jiyva's grace]
 44833 | Crypt:2  | Gained mutation: Your flesh is heat resistant. (rF+)
                  | [Jiyva's grace]
 44833 | Crypt:2  | Gained mutation: Your flesh is very heat resistant. (rF++)
                  | [Jiyva's grace]
 44833 | Crypt:2  | Gained mutation: Your flesh is almost immune to the effects
                  | of heat. (rF+++) [Jiyva's grace]
 44833 | Crypt:2  | Gained mutation: You are covered in fur. (AC +1) [Jiyva's
                  | grace]
 44932 | Crypt:2  | Noticed a curse skull
 44937 | Crypt:2  | Killed a curse skull
 45133 | Crypt:2  | Killed a curse skull
 45229 | Crypt:2  | Killed a curse skull
 45354 | Crypt:2  | Killed a curse skull
 45446 | Crypt:2  | Reached skill level 27 in Dodging
 45581 | Crypt:2  | Noticed Frederick
 45598 | Crypt:2  | Killed Frederick
 45627 | Crypt:2  | Reached skill level 14 in Armour
 45904 | Crypt:3  | Entered Level 3 of the Crypt
 46182 | Crypt:3  | Found a basalt altar of Yredelemnul.
 46182 | Crypt:3  | Noticed a dread lich
 46190 | Crypt:3  | Killed a dread lich
 46239 | Crypt:3  | Identified the +2 shortbow of Fragile Peace {elec, Will+}
 46275 | Crypt:3  | Reached XP level 26. HP: 240/240 MP: 23/23
 46508 | Crypt:3  | Reached skill level 27 in Fighting
 46720 | Crypt:3  | Reached skill level 15 in Armour
 46745 | Crypt:3  | Found a staircase to the Tomb.
 46767 | Crypt:3  | Got a fusty book
 47422 | Depths:4 | Lost mutation: You have a pair of small horns on your head.
                  | [Jiyva's grace]
 47422 | Depths:4 | Lost mutation: Your mind is very acute. (Int +8, Str/Dex
                  | -2) [Jiyva's grace]
 47422 | Depths:4 | Lost mutation: Your flesh is almost immune to the effects
                  | of heat. (rF+++) [Jiyva's grace]
 47422 | Depths:4 | Lost mutation: Your flesh is very heat resistant. (rF++)
                  | [Jiyva's grace]
 47422 | Depths:4 | Gained mutation: You have a pair of small horns on your
                  | head. [Jiyva's grace]
 47422 | Depths:4 | Gained mutation: You have a pair of horns on your head.
                  | [Jiyva's grace]
 47422 | Depths:4 | Gained mutation: You have a pair of large horns on your
                  | head. [Jiyva's grace]
 47422 | Depths:4 | Gained mutation: You have very sharp teeth. [Jiyva's grace]
 47489 | Depths:4 | Found Pimiq's Assorted Antiques.
 47491 | Depths:4 | Found Giecwe Osaf's Assorted Antiques.
 47604 | Depths:4 | Reached skill level 16 in Armour
 47663 | Depths:4 | Found a gate to the Realm of Zot.
 47697 | Depths:4 | Identified the +0 leather armour "Veuxtis" {rPois Dex+2}
 48039 | Depths:4 | Lost mutation: You are covered in fur. (AC +1) [potion of
                  | mutation]
 48039 | Depths:4 | Lost mutation: You have a pair of large horns on your head.
                  | [potion of mutation]
 48039 | Depths:4 | Lost mutation: You are resistant to electric shocks.
                  | (rElec) [potion of mutation]
 48039 | Depths:4 | Gained mutation: You are robust. (+10% HP) [potion of
                  | mutation]
 48039 | Depths:4 | Gained mutation: You are somewhat resistant to further
                  | mutation. [potion of mutation]
 48040 | Depths:4 | Lost mutation: You have a small jelly attached to you that
                  | senses nearby items. [potion of mutation]
 48040 | Depths:4 | Lost mutation: You are robust. (+10% HP) [potion of
                  | mutation]
 48040 | Depths:4 | Lost mutation: Your spells are a little harder to cast, but
                  | a little more powerful. [potion of mutation]
 48040 | Depths:4 | Gained mutation: You have sharp fingernails. [potion of
                  | mutation]
 48064 | Depths:4 | Bought a potion of mutation for 208 gold pieces
 48064 | Depths:4 | Lost mutation: You have a pair of horns on your head.
                  | [potion of mutation]
 48064 | Depths:4 | Lost mutation: You expend magic power (3 MP) to strengthen
                  | your wands. [potion of mutation]
 48064 | Depths:4 | Gained mutation: You occasionally shout uncontrollably at
                  | your foes. [potion of mutation]
 48064 | Depths:4 | Gained mutation: You are strong-willed. (Will+) [potion of
                  | mutation]
 48065 | Depths:4 | >>stupid horns
 48446 | Snake:3  | Bought a pair of embroidered boots for 300 gold pieces
 48780 | Depths:1 | Voluntarily entered the Abyss.
 48816 | Abyss:4  | Paralysed by accursed screaming for 1 turns
 48904 | Abyss:5  | Noticed a dread lich
 48914 | Abyss:5  | Paralysed by accursed screaming for 2 turns
 48919 | Abyss:5  | Paralysed by accursed screaming for 2 turns
 48934 | Abyss:5  | Found a corrupted altar of Lugonu.
 49022 | Abyss:5  | Killed a dread lich
 49130 | Abyss:5  | Reached skill level 17 in Armour
 49370 | Abyss:6  | Found a transporter.
 49374 | Abyss:6  | Found a transporter.
 49388 | Abyss:6  | Got an abyssal rune of Zot
 49436 | Abyss:6  | Reached XP level 27. HP: 212/249 MP: 23/23
 49468 | Abyss:6  | Noticed an ancient lich
 49483 | Depths:1 | You pass through the gate.
 49483 | Depths:1 | Escaped the Abyss
 49489 | Depths:1 | Killed an ancient lich
 49490 | Depths:1 | Reached skill level 18 in Armour
 49670 | Zot:1    | Entered Level 1 of the Realm of Zot
 50170 | Zot:1    | Identified the +1 ring mail "Tajudes" {Dex+3}
 50213 | Zot:1    | Lost mutation: You have sharp fingernails. [Jiyva's grace]
 50213 | Zot:1    | Lost mutation: You are somewhat resistant to further
                  | mutation. [Jiyva's grace]
 50213 | Zot:1    | Lost mutation: You occasionally shout uncontrollably at
                  | your foes. [Jiyva's grace]
 50213 | Zot:1    | Gained mutation: You are robust. (+10% HP) [Jiyva's grace]
 50213 | Zot:1    | Gained mutation: You are very robust. (+20% HP) [Jiyva's
                  | grace]
 50213 | Zot:1    | Gained mutation: You are extremely robust. (+30% HP)
                  | [Jiyva's grace]
 50213 | Zot:1    | Gained mutation: Your spells are a little harder to cast,
                  | but a little more powerful. [Jiyva's grace]
 50294 | Zot:1    | Noticed an electric golem
 50341 | Zot:1    | Reached skill level 16 in Shields
 50343 | Zot:1    | Killed an electric golem
 50671 | Zot:2    | Noticed an electric golem
 50698 | Zot:2    | Killed an electric golem
 50793 | Zot:2    | Identified the +0 robe of Compression {rElec rPois rF+}
 50804 | Zot:2    | Noticed a curse toe
 50810 | Zot:2    | Killed a curse toe
 50908 | Zot:2    | Noticed a curse toe
 50913 | Zot:2    | Killed a curse toe
 51272 | Zot:2    | Noticed an orb of fire
 51286 | Zot:2    | Killed an orb of fire
 51465 | Zot:2    | Reached skill level 19 in Armour
 51638 | Zot:2    | Reached skill level 17 in Shields
 52150 | Zot:3    | Noticed a curse toe
 52214 | Zot:2    | >>LET ME WEAR THE DAMN HELMET YOU SLIME GOD
 52320 | Zot:3    | Noticed an electric golem
 52340 | Zot:3    | Killed an electric golem
 52389 | Zot:3    | Reached skill level 18 in Shields
 52491 | Zot:3    | Noticed an orb of fire
 52544 | Zot:3    | Killed a curse toe
 52631 | Zot:3    | Lost mutation: You have very sharp teeth. [Jiyva's grace]
 52631 | Zot:3    | Lost mutation: You are extremely robust. (+30% HP) [Jiyva's
                  | grace]
 52631 | Zot:3    | Lost mutation: You are very robust. (+20% HP) [Jiyva's
                  | grace]
 52631 | Zot:3    | Lost mutation: You are robust. (+10% HP) [Jiyva's grace]
 52631 | Zot:3    | Lost mutation: Your muscles are strong. (Str +4, Int/Dex
                  | -1) [Jiyva's grace]
 52631 | Zot:3    | Gained mutation: Your body has grown many eyes which may
                  | confuse attackers. (Acc +5) [Jiyva's grace]
 52631 | Zot:3    | Gained mutation: Your body is covered in eyes which may
                  | confuse attackers. (Acc +7, SInv) [Jiyva's grace]
 52631 | Zot:3    | Gained mutation: Your rubbery body absorbs attacks. (AC +1,
                  | EV +1) [Jiyva's grace]
 52631 | Zot:3    | Gained mutation: Your pliable body absorbs attacks. (AC +2,
                  | EV +2) [Jiyva's grace]
 52849 | Zot:3    | Killed an orb of fire
 53663 | Elf:2    | Reached skill level 20 in Armour
 54511 | Zot:5    | Entered Level 5 of the Realm of Zot
 54742 | Zot:4    | Reached skill level 19 in Shields
 55862 | Zot:5    | Noticed an electric golem
 55877 | Zot:5    | Noticed an orb of fire
 55888 | Zot:5    | Killed an orb of fire
 55907 | Zot:5    | Killed an electric golem
 55937 | Zot:5    | Lost mutation: Your spells are a little harder to cast, but
                  | a little more powerful. [Jiyva's grace]
 55937 | Zot:5    | Lost mutation: Your body is covered in eyes which may
                  | confuse attackers. (Acc +7, SInv) [Jiyva's grace]
 55937 | Zot:5    | Lost mutation: Your pliable body absorbs attacks. (AC +2,
                  | EV +2) [Jiyva's grace]
 55937 | Zot:5    | Gained mutation: You are partially covered in iridescent
                  | scales. (AC +2) [Jiyva's grace]
 55937 | Zot:5    | Gained mutation: You are mostly covered in iridescent
                  | scales. (AC +4) [Jiyva's grace]
 55937 | Zot:5    | Gained mutation: You are completely covered in iridescent
                  | scales. (AC +6) [Jiyva's grace]
 55937 | Zot:5    | Gained mutation: You are partially covered in large bone
                  | plates. (SH +4) [Jiyva's grace]
 55954 | Zot:5    | Noticed an orb of fire
 55973 | Zot:5    | Gained mutation: [You are vulnerable to cold. (rC-)] [an
                  | orb of fire]
 55984 | Zot:5    | Killed an orb of fire
 55997 | Zot:5    | Noticed an ancient lich
 56002 | Zot:5    | Noticed an electric golem
 56004 | Zot:5    | Killed an ancient lich
 56006 | Zot:5    | Noticed an orb of fire
 56007 | Zot:5    | Gained mutation: Your magical capacity is low. (-10% MP)
                  | [an orb of fire]
 56017 | Zot:5    | Noticed an orb of fire
 56017 | Zot:5    | Gained mutation: You are weak. (Str -2) [an orb of fire]
 56024 | Zot:5    | >>rofl
 56025 | Zot:5    | Noticed an orb of fire
 56029 | Zot:5    | Noticed an orb of fire
 56031 | Zot:5    | Gained mutation: [You are very vulnerable to cold. (rC--)]
                  | [an orb of fire]
 56034 | Zot:5    | Reached skill level 20 in Shields
 56036 | Zot:5    | Gained mutation: Your magical capacity is very low. (-20%
                  | MP) [an orb of fire]
 56040 | Zot:5    | Gained mutation: Your magical capacity is extremely low.
                  | (-30% MP) [an orb of fire]
 56042 | Zot:5    | Gained mutation: You are frail. (-10% HP) [an orb of fire]
 56043 | Zot:5    | Gained mutation: You are very weak. (Str -4) [an orb of
                  | fire]
 56044 | Zot:5    | Gained mutation: You are clumsy. (Dex -2) [an orb of fire]
 56047 | Zot:5    | Killed an orb of fire
 56068 | Zot:5    | Gained mutation: You are very frail. (-20% HP) [an orb of
                  | fire]
 56073 | Zot:5    | Noticed an ancient lich
 56078 | Zot:5    | Lost mutation: Your mind is acute. (Int +4, Str/Dex -1) [an
                  | orb of fire]
 56079 | Zot:5    | Gained mutation: [You occasionally lose the ability to
                  | drink potions when taking damage.] [an orb of fire]
 56086 | Zot:5    | Gained mutation: Armour fits poorly on your strangely
                  | shaped body. [an orb of fire]
 56097 | Zot:4    | Lost mutation: You have a pair of small horns on your head.
                  | [an orb of fire]
 56101 | Zot:4    | Killed an orb of fire
 56347 | Depths:1 | Voluntarily entered the Abyss.
 56369 | Abyss:6  | Noticed an ancient lich
 56439 | Abyss:6  | Paralysed by accursed screaming for 2 turns
 56450 | Abyss:6  | Paralysed by accursed screaming for 2 turns
 56498 | Abyss:6  | Noticed a dread lich
 56507 | Abyss:6  | Killed a dread lich
 56514 | Abyss:6  | Noticed a dread lich
 56539 | Abyss:6  | Reached skill level 21 in Armour
 56560 | Abyss:6  | Killed a dread lich
 56627 | Abyss:6  | Paralysed by accursed screaming for 1 turns
 56658 | Abyss:6  | Gained mutation: You are extremely frail. (-30% HP) [a
                  | neqoxec]
 56661 | Depths:1 | You pass through the gate.
 56661 | Depths:1 | Escaped the Abyss
 56747 | Depths:1 | Voluntarily entered the Abyss.
 56807 | Abyss:6  | Reached skill level 21 in Shields
 56829 | Abyss:6  | Gained mutation: You are very dopey. (Int -4) [a cacodemon]
 56831 | Abyss:6  | Gained mutation: You are very clumsy. (Dex -4) [a
                  | cacodemon]
 56840 | Abyss:6  | Gained mutation: You occasionally shout uncontrollably at
                  | your foes. [a cacodemon]
 56843 | Abyss:6  | Gained mutation: [Your body often deteriorates upon taking
                  | damage.] [a cacodemon]
 56866 | Abyss:6  | HP: 5/174 [green death (20)]
 56866 | Abyss:6  | Killed from afar by a smoke demon

Vanquished Creatures
  4 dread liches
  4 ancient liches
  5 orbs of fire
  Josephina (Depths:2)
  Frederick (Crypt:2)
  Boris (Depths:3)
  the Lernaean hydra (Swamp:4)
  Bai Suzhen (Elf:3)
  Saint Roka (Depths:1)
  A caustic shrike (Depths:2)
  Xtahua (Vaults:4)
  13 golden dragons
  2 curse toes
  Norris (Vaults:1)
  A pearl dragon (Abyss:6)
  7 bone dragons
  A Brimstone Fiend (Zot:5)
  4 electric golems
  13 tentacled monstrosities
  2 hellephants (Abyss:6)
  Zenata (Vaults:1)
  8 liches
  15 Orb Guardians (Zot:5)
  6 titans (Vaults:5)
  2 Hell Sentinels
  Asterion (Vaults:1)
  2 walking divine tomes
  4 deep elf blademasters (Elf:3)
  An Executioner (Abyss:6)
  4 deep elf master archers (Elf:3)
  7 quicksilver dragons
  4 sphinxes
  5 ancient champions
  4 death cobs
  11 tentacled starspawn
  A thorn hunter (Abyss:3)
  Aizul (Snake:3)
  Donald (Swamp:1)
  7 shadow dragons
  9 storm dragons
  10 tengu reavers
  5 draconian monks
  A daeva (Abyss:6)
  8 draconian knights
  17 vault wardens
  12 deep elf sorcerers
  7 frost giants
  A balrug (Abyss:6)
  5 revenants
  4 fire giants
  4 ghost moths
  4 iron dragons
  Louise (Swamp:2)
  A caustic shrike zombie (Abyss:5)
  6 nagarajas
  6 draconian scorchers
  6 draconian stormcallers
  7 draconian shifters
  An angel (Abyss:6)
  4 curse skulls
  5 deep elf elementalists
  7 ghouls
  15 stone giants
  A spriggan defender (Depths:2)
  8 draconian annihilators
  12 ironbound preservers
  A juggernaut skeleton (Crypt:1)
  5 war gargoyles
  A starflower (Abyss:4)
  27 very ugly things
  A reaper (Depths:1)
  6 vampire knights
  The ghost of hattop the Cleaver, a journeyman MiFi of the Shining One (D:13)
  9 black draconians
  6 ironbound thunderhulks
  9 deep elf demonologists
  17 white draconians
  4 bunyips
  2 eleionomae (Swamp:3)
  10 yellow draconians
  The ghost of Rayk the Spry, a journeyman FeSh of Gozag (Snake:4)
  9 purple draconians
  15 green draconians
  3 spark wasps
  11 dire elephants
  11 deep elf annihilators
  19 red draconians
  12 ettins
  4 crystal guardians
  9 deep elf death magi
  7 fire dragons
  7 eidola
  12 jiangshi
  3 shambling mangroves
  2 entropy weavers (Abyss:3)
  8 yaktaur captains
  8 deep elf high priests
  4 rakshasas
  14 ice dragons
  A peacekeeper (Vaults:4)
  3 salamander tyrants
  A merfolk avatar (Lair:5)
  10 ironbound frosthearts
  24 hydras
  3 spriggan air magi
  27 vault guards
  2 catoblepae
  15 anacondas
  3 hell beasts
  6 two-headed ogres
  7 alligators
  9 centaur warriors
  3 boulder beetles
  An ogre mage (Vaults:2)
  28 dancing weapons
  A ghost crab (Swamp:2)
  15 naga warriors
  12 deep troll shamans
  4 deep troll earth magi
  A tengu warrior (D:11)
  A two-headed ogre (shapeshifter) (Depths:2)
  3 death knights
  13 death yaks
  4 naga sharpshooters
  12 vampire magi
  A demonic crawler (Abyss:3)
  2 hell hogs
  A titan zombie (Crypt:3)
  6 shock serpents
  2 orc high priests (Orc:1)
  2 spectral storm dragons (Crypt:1)
  7 spriggan berserkers
  3 sun demons
  27 thrashing horrors
  23 deep elf knights
  5 soul eaters
  22 hell knights
  Lodul (D:13)
  3 iron trolls
  10 spriggans
  3 sixfirhies
  2 spatial maelstroms
  10 salamander mystics
  3 shadow wraiths
  12 wretched stars
  23 skeletal warriors
  5 skysharks
  2 sea snakes (Lair:5)
  2 flayed ghosts (Crypt:2)
  6 goliath frogs
  11 swamp dragons
  2 spriggan druids (Swamp:4)
  35 deep trolls
  2 golden dragon zombies (Crypt:3)
  An anaconda zombie (Abyss:3)
  A storm dragon skeleton (Crypt:1)
  A ghost moth zombie (Crypt:2)
  13 deep elf archers
  2 harpies (Lair:5)
  8 bog bodies
  5 orc knights
  4 naga ritualists
  An anaconda skeleton (Crypt:2)
  28 deep elf pyromancers
  7 wizards
  A sphinx simulacrum (Vaults:2)
  16 phantasmal warriors
  16 ironbound convokers
  8 lindwurms
  26 mana vipers
  14 necromancers
  An iron giant skeleton (Crypt:2)
  43 deep elf zephyrmancers
  6 will-o-the-wisps
  21 ugly things
  2 oklob plants (Abyss:4)
  3 spectral ice dragons (Crypt:1)
  3 spectral fire dragons (Crypt:1)
  4 manticores
  5 orc sorcerers
  5 worldbinders
  7 draconians
  20 moths of wrath
  5 cyclopes
  A dire elephant zombie (Crypt:3)
  18 salamanders
  2 centaur zombies (D:15)
  3 apocalypse crabs (Abyss:6)
  Maurice (D:9)
  28 black mambas
  2 water nymphs (Abyss:3)
  10 naga magi
  A black mamba (shapeshifter) (D:9)
  12 vault sentinels
  A torpor snail (D:13)
  7 elephants
  A rust devil (Abyss:3)
  10 smoke demons
  14 guardian serpents
  Maggie (D:7)
  12 cane toads
  3 gargoyles (D:12)
  A titan simulacrum (Depths:2)
  3 dire elephant skeletons
  4 kobold demonologists
  3 unseen horrors
  Jeremiah (D:7)
  5 komodo dragons
  A spark wasp simulacrum (Depths:2)
  8 rime drakes
  A purple draconian skeleton (Crypt:2)
  6 tengu conjurers
  4 freezing wraiths
  27 yaktaurs
  A yaktaur skeleton (Vaults:4)
  2 ice devils (D:13)
  4 efreet
  2 harpy zombies
  4 polar bears (Lair:5)
  10 ancient zymes
  A shadow dragon simulacrum (Depths:2)
  8 tyrant leeches
  11 trolls
  2 wolf spider simulacra (D:13)
  A bloated husk (Swamp:3)
  A wind drake (Lair:5)
  A tengu simulacrum (Depths:2)
  A raiju (shapeshifter) (D:13)
  18 hornets
  2 harpy skeletons
  4 raiju
  5 blink frogs (Lair:5)
  A snapping turtle (shapeshifter) (Abyss:5)
  A fire giant simulacrum (Depths:2)
  A human simulacrum (Vaults:4)
  A jumping spider (Vaults:5)
  3 ynoxinuls
  A dire elephant simulacrum (Abyss:3)
  5 vampires
  6 wyverns
  50 flying skulls
  5 air elementals
  8 wraiths
  4 centaur simulacra (D:13)
  9 water elementals
  3 basilisks
  22 large abominations
  36 yaks
  A yak (shapeshifter) (D:11)
  A basilisk (shapeshifter) (D:13)
  16 humans (D:13)
  A human (shapeshifter) (D:4)
  5 fire elementals
  6 redbacks (Vaults:5)
  7 neqoxecs
  2 steam dragons
  16 small abominations
  7 wargs
  16 vampire mosquitoes
  5 chaos spawn
  Menkaure (D:5)
  2 harpy simulacra
  34 nagas
  2 glowing shapeshifter zombies
  A naga zombie (Crypt:3)
  16 swamp worms
  2 hydra simulacra (Zot:3)
  3 acid dragons
  A water moccasin (shapeshifter) (Elf:2)
  2 ogre skeletons
  9 water moccasins
  Duvessa (D:7)
  A naga skeleton (Crypt:3)
  6 swamp drakes
  A meliai simulacrum (D:13)
  A deep troll skeleton (Crypt:1)
  42 orc warriors
  3 ice beasts
  2 sky beasts (D:7)
  A black bear (D:4)
  6 ogres
  A black bear (shapeshifter) (Lair:3)
  5 boggarts
  22 wolves
  25 centaurs
  A phantom (D:6)
  4 kobold brigands
  A komodo dragon skeleton (Crypt:1)
  A salamander skeleton (Crypt:1)
  An earth elemental (Elf:2)
  4 scorpions
  9 bullfrogs
  An entropy weaver simulacrum (Vaults:2)
  A draconian skeleton (Crypt:2)
  10 necrophages
  9 wights
  Dowan (D:7)
  4 spriggan zombies
  22 killer bees
  6 howler monkeys
  4 electric eels
  A wolf zombie (Crypt:1)
  5 hounds
  A quasit (Abyss:3)
  A jelly (D:4)
  2 orc priests
  60 starcursed masses
  2 gnoll boudas
  A sleepcap (D:4)
  A boggart zombie (Crypt:1)
  3 iguanas
  11 orc wizards
  Natasha (twice) (D:2)
  An acid dragon zombie (Crypt:2)
  A boggart simulacrum (D:13)
  11 gnolls
  A howler monkey skeleton (Crypt:1)
  8 river rats
  9 adders
  A swamp drake skeleton (Crypt:2)
  A shadow imp (D:7)
  A white imp (Abyss:3)
  7 ufetubi
  A worm zombie (Crypt:2)
  A worm (D:5)
  2 dart slugs
  55 orcs
  14 ball pythons
  11 endoplasms
  A giant cockroach (D:5)
  10 hobgoblins
  5 quokkas
  3 bats
  2 frilled lizards
  A giant cockroach zombie (Crypt:2)
  4 goblins
  9 kobolds
  31 rats
  2 lurking horrors
  8 starspawn tentacles
2362 creatures vanquished.

Vanquished Creatures (collateral kills)
  An ancient lich (Vaults:5)
  A quicksilver dragon (Zot:3)
  A very ugly thing (Vaults:5)
  A red draconian (Zot:3)
  A deep troll (Vaults:5)
  An ironbound convoker (Vaults:5)
  An orc sorcerer (Depths:1)
  A manticore (D:12)
  A vault sentinel (Vaults:5)
  2 cane toads
  A torpor snail (Lair:4)
  A rime drake (Lair:4)
  2 yaks (D:9)
  A redback (Vaults:5)
  An orc warrior (Depths:1)
  2 wolves (Lair:4)
  A killer bee (D:9)
  A gnoll bouda (D:3)
  An adder (D:3)
  A gnoll (D:3)
  A worm (D:3)
  An endoplasm (D:3)
  A goblin (D:3)
  A hobgoblin (D:3)
  2 ball pythons (D:3)
  A frilled lizard (D:3)
30 creatures vanquished.

Vanquished Creatures (others)
  An orb of fire (Zot:4)
  A shard shrike (Zot:3)
  A curse toe (Zot:2)
  A golden dragon (Depths:4)
  A bone dragon (Crypt:3)
  4 acid blobs
  A tentacled monstrosity (Abyss:6)
  A Hell Sentinel (Abyss:6)
  An Orb Guardian (Zot:5)
  A tentacled starspawn (Abyss:5)
  An ancient champion (Crypt:2)
  2 storm dragons
  An eldritch tentacle (Zot:5)
  A draconian monk (Zot:4)
  A draconian knight (Depths:4)
  A fire giant (Depths:1)
  A balrug (Abyss:6)
  A curse skull (Crypt:2)
  A vault warden (Vaults:5)
  A draconian annihilator (Zot:2)
  An ironbound preserver (Vaults:1)
  A reaper (Abyss:5)
  A stone giant (Vaults:5)
  A formless jellyfish (Vaults:2)
  9 great orbs of eyes
  A red draconian (Depths:4)
  An ironbound thunderhulk (Vaults:1)
  A green draconian (Depths:4)
  2 black draconians
  A vault guard (Vaults:5)
  An anaconda (shapeshifter) (Crypt:1)
  A catoblepas (shapeshifter) (Depths:2)
  2 tengu warriors
  A thrashing horror (Abyss:6)
  A wretched star (Abyss:5)
  A skeletal warrior (D:13)
  A flayed ghost (Abyss:5)
  5 glowing orange brains
  An ironbound convoker (Vaults:1)
  A lindwurm (shapeshifter) (Elf:3)
  A deep elf pyromancer (Elf:2)
  A necromancer (Vaults:2)
  A deep elf zephyrmancer (Elf:2)
  3 shining eyes
  3 ugly things
  A tengu skeleton (Vaults:2)
  An elephant (shapeshifter) (Vaults:5)
  3 vault sentinels
  A black mamba (Snake:4)
  A water nymph (shapeshifter) (Vaults:5)
  An eye of devastation (Abyss:6)
  A hellion (Abyss:6)
  A freezing wraith (Abyss:6)
  A tengu conjurer (Depths:2)
  2 floating eyes
  2 ancient zymes
  A polar bear (shapeshifter) (Vaults:5)
  A tyrant leech (shapeshifter) (Crypt:1)
  15 slime creatures
  A flying skull (Abyss:6)
  A shadow (D:13)
  An air elemental (Elf:2)
  19 golden eyes
  A ynoxinul (Abyss:6)
  A golden eye (shapeshifter) (Abyss:5)
  A water elemental (Depths:1)
  A chaos spawn (Abyss:5)
  A redback (shapeshifter) (Vaults:2)
  A vampire mosquito (D:12)
  3 orc warriors (Orc:2)
  A centaur (Orc:2)
  A wight (D:8)
  An electric eel (D:11)
  A howler monkey (D:11)
  A quasit (Abyss:3)
  280 jellies
  An orc priest (D:11)
  6 starcursed masses (Abyss:5)
  3 orc wizards
  A small abomination (Abyss:5)
  A gnoll (Orc:2)
  6 orcs
  A rat zombie (Sewer)
  26 foxfires
  A lurking horror (Abyss:6)
  34 starspawn tentacles
495 creatures vanquished.

Grand Total: 2887 creatures vanquished

Table legend: (Time is in decaauts)
 A = Elapsed time spent in this place.
 B = Non-inter-level travel time spent in this place.
 C = Inter-level travel time spent in this place.
 D = Time resting spent in this place.
 E = Time spent auto-exploring this place.
 F = Levels seen in this place.
 G = Mean time per level.
                   A        B        C        D        E       F      G
               +--------+--------+--------+--------+--------+-----+--------+
         Total |  53441 |  45730 |   7711 |   2762 |  29152 |  68 |  785.9 |
       Dungeon |  13541 |  11311 |   2230 |    552 |   8384 |  15 |  902.7 |
          Lair |   6240 |   4811 |   1429 |    446 |   3162 |   5 | 1248.0 |
         Swamp |   1742 |   1618 |    124 |     50 |   1049 |   4 |  435.5 |
     Snake Pit |   5370 |   4484 |    886 |    108 |   3157 |   4 | 1342.5 |
    Slime Pits |    471 |    402 |     69 |      0 |    315 |   5 |   94.2 |
  Orcish Mines |   1291 |    961 |    330 |     52 |    651 |   2 |  645.5 |
   Elven Halls |   3690 |   3252 |    438 |    218 |   1953 |   3 | 1230.0 |
        Vaults |   6731 |   5977 |    754 |    539 |   3667 |   5 | 1346.2 |
         Crypt |   2785 |   2627 |    158 |     67 |   1625 |   3 |  928.3 |
        Depths |   4639 |   3715 |    924 |    241 |   2307 |   4 | 1159.8 |
           Zot |   4703 |   4339 |    364 |    354 |   2645 |   5 |  940.6 |
         Abyss |   1865 |   1865 |      0 |    131 |     94 |  11 |  169.5 |
         Trove |    114 |    114 |      0 |      0 |     19 |   1 |  114.0 |
         Sewer |    253 |    253 |      0 |      0 |    119 |   1 |  253.0 |
               +--------+--------+--------+--------+--------+-----+--------+

Top non-repeatable levels by time:
Vaults:5: 1679 daAuts
 Snake:4: 1650 daAuts
 Snake:3: 1601 daAuts
    D:11: 1576 daAuts
    D:15: 1499 daAuts
   Elf:3: 1466 daAuts
  Lair:3: 1453 daAuts
Vaults:2: 1443 daAuts
Vaults:1: 1409 daAuts
   Zot:2: 1327 daAuts
  Lair:5: 1324 daAuts
Depths:4: 1236 daAuts
Depths:2: 1217 daAuts
  Lair:2: 1212 daAuts
Vaults:4: 1185 daAuts

Table legend:
 A = Non-vault XP
 B = Vault XP
 C = Vault XP percentage of total XP
 D = Non-vault monster count
 E = Vault monster count
 F = Vault count percentage of total count
                 A         B        C        D         E       F
            +---------+---------+-------+---------+---------+-------
      Total |  819825 |  706892 |  46.3 |    1432 |     990 |  40.9
            +---------+---------+-------+---------+---------+-------
        D:1 |      33 |       0 |   0.0 |      19 |       0 |   0.0
        D:2 |      56 |      35 |  38.5 |      17 |       1 |   5.6
        D:3 |     149 |      30 |  16.8 |      18 |      10 |  35.7
        D:4 |     733 |      48 |   6.1 |      15 |       5 |  25.0
        D:5 |     520 |     197 |  27.5 |      15 |       6 |  28.6
        D:6 |     414 |       0 |   0.0 |       8 |       0 |   0.0
        D:7 |    1082 |    1154 |  51.6 |      21 |       6 |  22.2
        D:8 |     634 |       0 |   0.0 |       9 |       0 |   0.0
        D:9 |    2891 |     461 |  13.8 |      19 |       2 |   9.5
       D:10 |    1976 |     925 |  31.9 |       8 |      10 |  55.6
       D:11 |    4740 |    3605 |  43.2 |      28 |      24 |  46.2
       D:12 |    3134 |    2533 |  44.7 |      10 |       9 |  47.4
       D:13 |    4245 |   17479 |  80.5 |      16 |      47 |  74.6
       D:14 |    4972 |       0 |   0.0 |      12 |       0 |   0.0
       D:15 |   17041 |    7845 |  31.5 |      32 |      22 |  40.7
     Lair:1 |    3199 |    2550 |  44.4 |      15 |       9 |  37.5
     Lair:2 |    4767 |    3656 |  43.4 |      19 |      13 |  40.6
     Lair:3 |    3063 |    1487 |  32.7 |      12 |       7 |  36.8
     Lair:4 |    9675 |     695 |   6.7 |      29 |       1 |   3.3
     Lair:5 |   12385 |   14326 |  53.6 |      32 |      28 |  46.7
    Swamp:1 |    7442 |    1407 |  15.9 |      16 |       1 |   5.9
    Swamp:2 |    8182 |    1242 |  13.2 |      23 |       1 |   4.2
    Swamp:3 |   13218 |       0 |   0.0 |      24 |       0 |   0.0
    Swamp:4 |   14075 |   18317 |  56.5 |      24 |      24 |  50.0
    Snake:1 |    9328 |       0 |   0.0 |      17 |       0 |   0.0
    Snake:2 |   12951 |       0 |   0.0 |      27 |       0 |   0.0
    Snake:3 |   15429 |    7521 |  32.8 |      25 |       9 |  26.5
    Snake:4 |   16393 |   41852 |  71.9 |      32 |      67 |  67.7
      Orc:1 |    2055 |    3252 |  61.3 |      19 |      11 |  36.7
      Orc:2 |    1698 |    3803 |  69.1 |      20 |      40 |  66.7
      Elf:1 |   17346 |    8667 |  33.3 |      26 |      16 |  38.1
      Elf:2 |   19336 |   22917 |  54.2 |      36 |      31 |  46.3
      Elf:3 |   18288 |   65457 |  78.2 |      30 |      62 |  67.4
   Vaults:1 |   10124 |   14808 |  59.4 |      13 |      19 |  59.4
   Vaults:2 |   21235 |    9138 |  30.1 |      28 |      14 |  33.3
   Vaults:3 |   17005 |   22771 |  57.2 |      21 |      27 |  56.2
   Vaults:4 |   12677 |    9525 |  42.9 |      24 |      12 |  33.3
   Vaults:5 |   42780 |   92889 |  68.5 |      61 |      81 |  57.0
    Crypt:1 |   31559 |   15074 |  32.3 |      45 |      32 |  41.6
    Crypt:2 |   28415 |   23204 |  45.0 |      46 |      21 |  31.3
    Crypt:3 |       0 |   53853 | 100.0 |       0 |      89 | 100.0
   Depths:1 |   34391 |   10111 |  22.7 |      39 |      18 |  31.6
   Depths:2 |   16953 |   26825 |  61.3 |      21 |      24 |  53.3
   Depths:3 |   16485 |   15495 |  48.5 |      17 |      13 |  43.3
   Depths:4 |   58060 |   18400 |  24.1 |      59 |      18 |  23.4
      Zot:1 |   23101 |       0 |   0.0 |      21 |       0 |   0.0
      Zot:2 |   33235 |   32862 |  49.7 |      27 |      28 |  50.9
      Zot:3 |   54074 |   23126 |  30.0 |      42 |      17 |  28.8
      Zot:4 |   33317 |    4465 |  11.8 |      28 |       1 |   3.4
      Zot:5 |   10518 |   50057 |  82.6 |       9 |      22 |  71.0
    Abyss:3 |   28266 |   12881 |  31.3 |      75 |      10 |  11.8
    Abyss:4 |    6480 |    7882 |  54.9 |      17 |       9 |  34.6
    Abyss:5 |   41418 |    7316 |  15.0 |      55 |       6 |   9.8
    Abyss:6 |   68282 |   24376 |  26.3 |     111 |      21 |  15.9
      Sewer |       0 |     373 | 100.0 |       0 |      46 | 100.0
            +---------+---------+-------+---------+---------+-------
